Cogmind - Beta 11 @@@ ROGUE MODE // 2022.03.25 @ 03:18:48 // Winter2019/RPGLIKE Player: Rentaro Result: Destroyed 0B10! Performance ------------- Evolutions (9) 4500 Regions Visited (30) 6000 Robots Destroyed (791) 3955 Value Destroyed (32612) 32612 Prototype IDs (103) 2060 Alien Tech Used (4) 800 Bonus (26406) 26406 TOTAL SCORE: 76333 Bonus ------- Triggered High Security 2500 High Alert Combat Kills 11068 Follower Combat Kills 857 Met Data Miner 300 Met Imprinter 300 Was Imprinted 300 Destroyed Z-Imprinter 1000 Triggered Deep Caves Wall 500 Met Zhirov 300 Met Sigix 2000 Escaped with Sigix 5000 Win 3000 Friendly Fire -719 Cogmind --------- Core Integrity 931/1000 Matter 300/300 Energy 335/420 System Corruption 0% Temperature Cool (18) Movement Flying (15) Location Tau Ceti IV Orbit Parts ------- > --- POWER (2) -------- Makeshift Power Source Zionite Light DM Reactor > --- PROPULSION (6) --- Electron Diverter Cooled Impulse Thruster Cooled Impulse Thruster Cooled Impulse Thruster Experimental Q-thruster Experimental Q-thruster > --- UTILITY (11) ----- Structural Scanner Experimental Signal Interpreter Experimental Core Analyzer Experimental Core Analyzer Femtoactuators Experimental Actuator Array Advanced Reaction Control System Experimental Propulsion Shielding Experimental Utility Shielding Experimental Force Field Improved System Restoration Module > --- WEAPON (5) ------- Shock Maul Shock Maul Shock Maul Shock Maul Shock Maul > --- INVENTORY (3) ---- Stasis Canceller Sigix Containment Pod Peak State ------------ > --- POWER ------------ Makeshift Power Source Zionite Light DM Reactor > --- PROPULSION ------- Electron Diverter Cooled Impulse Thruster Cooled Impulse Thruster Cooled Impulse Thruster Experimental Q-thruster Experimental Q-thruster > --- UTILITY ---------- Structural Scanner Experimental Signal Interpreter Experimental Core Analyzer Experimental Core Analyzer Femtoactuators Experimental Actuator Array Advanced Reaction Control System Experimental Propulsion Shielding Experimental Utility Shielding Experimental Force Field > --- WEAPON ----------- Shock Maul Shock Maul Shock Maul Core Stripper > --- INVENTORY -------- Stasis Canceller [Rating: 192] Favorites ----------- Power Makeshift Power Source Engine Makeshift Power Source Power Core Micro Nuclear Core Reactor Zionite Light DM Reactor Propulsion Improved Cesium-ion Thruster Leg Aluminum Leg Flight Unit Improved Cesium-ion Thruster Utility Structural Scanner Device Structural Scanner Storage Improved Matter Compressor Processor Experimental Signal Interpreter Hackware Advanced Hacking Suite Protection Experimental Propulsion Shielding Weapon Heavy Flail Energy Gun Medium Laser Energy Cannon Beam Cannon Ballistic Cannon Light Cannon Special Weapon RU-N14's Throwing Claymores Impact Weapon Heavy Flail Slashing Weapon Greatsword Build | -11 -10 -9 -9 -9 -8 -8 -7 -7 -7 -6 -6 -6 -6 -6 -6 -5 -5 -5 -4 -4 -4 -4 -4 -4 -3 -3 -3 -2 -2 -1 ------- Run | Scr Mat Mat Min Exi Min Mat Fac Low Dat Pro Fac Low Low Zio Dee Pro Fac Ext Fac Was Fac Upp Upp Zhi Pro Res Arm Res Qua Acc Slots Evolved 20 | 3 1 3 1 . . 1 4 . . 1 2 . . . . . 1 . 1 . . . . . . 1 . . . 1 Power 1 | . . . . . . . 1 . . . . . . . . . . . . . . . . . . . . . . . Propulsion 5 | 1 . 2 . . . . 1 . . 1 . . . . . . . . . . . . . . . . . . . . Utility 10 | 1 1 1 1 . . . 1 . . . 2 . . . . . . . 1 . . . . . . 1 . . . 1 Weapon 4 | 1 . . . . . 1 1 . . . . . . . . . 1 . . . . . . . . . . . . . Parts Attached 341 | 6 16 27 2 4 1 26 39 2 . 5 36 . 1 6 17 8 27 . 1 . 30 1 . 4 . 54 6 13 8 1 Power 37 | 1 2 3 . 2 . 9 11 . . . 3 . 1 . 2 . . . . . 1 . . . . 2 . . . . Engine 14 | 1 1 1 . . . 3 6 . . . 1 . 1 . . . . . . . . . . . . . . . . . Core 17 | . 1 2 . 2 . 6 3 . . . 2 . . . . . . . . . . . . . . 1 . . . . Reactor 6 | . . . . . . . 2 . . . . . . . 2 . . . . . 1 . . . . 1 . . . . Propulsion 56 | 2 3 8 2 2 . 3 5 . . 1 9 . . . . . 2 . . . 5 . . . . 10 . 4 . . Treads . | . . . . . . . . . . . . . . . . . . . . . . . . . . . . . . . Leg 4 | 2 2 . . . . . . . . . . . . . . . . . . . . . . . . . . . . . Wheel . | . . . . . . . . . . . . . . . . . . . . . . . . . . . . . . . Hover . | . . . . . . . . . . . . . . . . . . . . . . . . . . . . . . . Flight 52 | . 1 8 2 2 . 3 5 . . 1 9 . . . . . 2 . . . 5 . . . . 10 . 4 . . Utility 177 | . 6 5 . . 1 7 15 2 . 4 24 . . 4 13 8 11 . 1 . 20 1 . 4 . 35 4 8 3 1 Device 106 | . 2 1 . . . 3 9 2 . 3 13 . . . 4 4 6 . . . 12 1 . 1 . 33 3 5 3 1 Storage 4 | . . . . . . . . . . . . . . . 1 . . . . . 1 . . 2 . . . . . . Processor 19 | . 1 1 . . . 2 2 . . 1 2 . . 4 1 . . . . . 3 . . . . . . 2 . . Hackware 6 | . . . . . . . 1 . . . . . . . . . . . 1 . 2 . . 1 . . . 1 . . Protection 42 | . 3 3 . . 1 2 3 . . . 9 . . . 7 4 5 . . . 2 . . . . 2 1 . . . Artifact . | . . . . . . . . . . . . . . . . . . . . . . . . . . . . . . . Weapon 71 | 3 5 11 . . . 7 8 . . . . . . 2 2 . 14 . . . 4 . . . . 7 2 1 5 . Energy Gun 13 | 3 1 8 . . . . . . . . . . . . 1 . . . . . . . . . . . . . . . Energy Cannon 1 | . 1 . . . . . . . . . . . . . . . . . . . . . . . . . . . . . Ballistic Gun . | . . . . . . . . . . . . . . . . . . . . . . . . . . . . . . . Ballistic Cannon 3 | . 3 . . . . . . . . . . . . . . . . . . . . . . . . . . . . . Launcher . | . . . . . . . . . . . . . . . . . . . . . . . . . . . . . . . Special Weapon 1 | . . . . . . . . . . . . . . 1 . . . . . . . . . . . . . . . . Impact Weapon 33 | . . 2 . . . 4 4 . . . . . . 1 1 . 5 . . . 3 . . . . 5 2 1 5 . Slashing Weapon 20 | . . 1 . . . 3 4 . . . . . . . . . 9 . . . 1 . . . . 2 . . . . Piercing Weapon . | . . . . . . . . . . . . . . . . . . . . . . . . . . . . . . . Special Melee Weapon . | . . . . . . . . . . . . . . . . . . . . . . . . . . . . . . . Unidentified Prototypes 46 | . . 3 . . . . 6 . . 1 5 . . 4 7 1 4 . . . 3 . . 4 . 6 . 2 . . Corrupted Parts 2 | . . . 1 . . . . . . . . . . . 1 . . . . . . . . . . . . . . . System Corruption 5 | . . . 3 . . . . . . . . . . . 2 . . . . . . . . . . . . . . . Parts Lost 11 | . . . . . 1 1 1 . . 1 1 . . . 1 1 . . . . 2 . . . . 2 . . . . Power 1 | . . . . . . . . . . . 1 . . . . . . . . . . . . . . . . . . . Propulsion 1 | . . . . . . 1 . . . . . . . . . . . . . . . . . . . . . . . . Utility 9 | . . . . . 1 . 1 . . 1 . . . . 1 1 . . . . 2 . . . . 2 . . . . Weapon . | . . . . . . . . . . . . . . . . . . . . . . . . . . . . . . . Highest Loss Streak 1 | . . . . . 1 1 1 . . 1 1 . . . 1 1 . . . . 1 . . . . 1 . . . . To Critical Strikes . | . . . . . . . . . . . . . . . . . . . . . . . . . . . . . . . Average Slot Usage (%) 94 | . 88 94 83 83 84 97 95 90 88 90 94 95 94 94 94 94 95 95 91 92 97 91 90 91 95 96 99 99 99 99 Engine 3 | . 4 . . . . . 5 . . . . . 4 5 5 5 4 4 4 4 4 4 4 4 4 4 4 4 4 4 Core 3 | . 9 10 8 8 8 7 4 11 11 11 10 10 5 5 . . . . . . . . . . . . . . . . Reactor 2 | . . . . . . . . . . . . . . . 4 5 4 4 4 4 4 4 4 4 4 4 4 4 4 4 Leg 1 | . 19 . . . . . . . . . . . . . . . . . . . . . . . . . . . . . Flight 26 | . 3 27 31 33 33 30 30 29 29 30 30 30 30 30 30 30 27 28 27 27 26 22 22 22 22 23 26 26 26 25 Device 17 | . 6 10 8 8 8 18 16 19 17 18 21 20 20 15 19 25 26 19 18 15 13 14 13 12 13 16 20 18 21 24 Processor 7 | . 6 10 8 8 8 11 11 11 11 11 10 10 10 14 11 10 4 4 4 4 6 4 4 4 4 4 4 4 13 12 Hackware 4 | . . . . . . . . . . . . . . . . . . . 1 4 10 13 13 14 18 15 8 10 . . Protection 6 | . 9 17 9 8 9 6 5 . . . 4 10 10 10 7 4 4 9 9 9 7 4 4 4 4 4 8 8 8 8 Impact Weapon 13 | . . 1 16 16 16 10 6 11 11 11 10 10 10 9 9 10 11 23 22 22 21 22 22 22 22 21 20 21 20 20 Slashing Weapon 3 | . . . . . . 8 11 5 5 5 5 5 5 5 5 5 7 . . . . . . . . . . . . . Naked Turns . | . . . . . . . . . . . . . . . . . . . . . . . . . . . . . . . Heaviest Build 56 | 7 14 24 23 15 18 21 31 36 31 35 37 36 36 39 43 45 56 42 42 42 45 52 51 51 51 56 55 55 56 55 Greatest Support 61 | 25 25 25 29 30 30 30 34 34 34 38 46 46 46 46 46 46 46 46 46 46 54 54 54 54 54 56 55 56 56 61 Greatest Overweight (x) 1 | . 1 1 . . . . 1 1 . 1 . . . . . . 1 . . . . . . . . 1 . 1 . . Average Overweight (x) . | . . . . . . . . . . . . . . . . . . . . . . . . . . . . . . . Largest Inventory Capacity 3 | 2 2 2 2 2 2 3 3 3 3 3 3 3 3 3 3 3 3 3 3 3 3 3 3 3 3 3 3 3 3 3 Average Capacity 2 | 2 2 2 2 2 2 2 3 3 3 3 3 3 3 3 3 3 3 3 3 3 3 3 3 3 3 3 3 3 3 3 Most Carried 3 | 2 2 2 2 2 2 3 3 2 2 3 3 3 3 3 3 3 3 3 3 3 3 3 3 3 3 3 3 3 3 3 Average Carried 2 | 1 1 1 2 1 2 2 2 1 2 2 2 3 3 2 2 2 2 2 3 3 2 2 2 3 2 2 2 2 2 3 Final Capacity 3 | 2 2 2 2 2 2 3 3 3 3 3 3 3 3 3 3 3 3 3 3 3 3 3 3 3 3 3 3 3 3 3 Final Carried 3 | 2 2 2 2 2 2 3 1 2 2 3 3 3 3 3 2 3 2 3 3 3 3 2 3 3 2 3 3 2 3 3 Class Distribution -------------------- 64% | Hacker-Scout 20% | Wizard-Scout 5% | Mutant 5% | Sprinter Dominant Class ---------------- Mutant | -10/Materials Scavenger-Mutant | -9/Materials Sprinter | -9/Mines Sprinter | -9/Exiles Sprinter | -8/Mines Hacker-Scout | -8/Materials Hacker-Scout | -7/Factory Hacker-Scout | -7/Lower Caves Hacker-Scout | -7/Data Miner Hacker-Scout | -6/Proximity Caves Hacker-Scout | -6/Factory Hacker-Scout | -6/Lower Caves Hacker-Scout | -6/Lower Caves Hacker-Scout | -6/Zion Hacker-Scout | -6/Deep Caves Hacker-Scout | -5/Proximity Caves Hacker-Scout | -5/Factory Hacker-Scout | -5/Extension Hacker-Scout | -4/Factory Hacker-Scout | -4/Waste Wizard-Scout | -4/Factory Wizard-Scout | -4/Upper Caves Wizard-Scout | -4/Upper Caves Wizard-Scout | -4/Zhirov Wizard-Scout | -3/Proximity Caves Wizard-Scout | -3/Research Hacker-Scout | -3/Armory Wizard-Scout | -2/Research Hacker-Scout | -2/Quarantine Hacker-Scout | -1/Access Resources | -11 -10 -9 -9 -9 -8 -8 -7 -7 -7 -6 -6 -6 -6 -6 -6 -5 -5 -5 -4 -4 -4 -4 -4 -4 -3 -3 -3 -2 -2 -1 ----------- Run | Scr Mat Mat Min Exi Min Mat Fac Low Dat Pro Fac Low Low Zio Dee Pro Fac Ext Fac Was Fac Upp Upp Zhi Pro Res Arm Res Qua Acc Matter Collected 4333 | 260 345 412 21 . 71 255 408 20 . 50 378 . 10 51 184 88 280 . 10 8 404 96 19 . 66 592 66 109 28 102 Remotely . | . . . . . . . . . . . . . . . . . . . . . . . . . . . . . . . Salvage Created 37645 | 212 568 866 167 . 573 2038 2647 294 . 732 4981 1125 93 . 557 1259 7020 2360 30 . 2060 633 654 . 362 3441 2849 1682 110 332 Parts 1339 | 20 48 66 7 . 15 100 165 23 . 35 216 40 11 . 31 51 245 42 . . 48 2 8 . 2 74 41 49 . . Haulers Intercepted 49 | . 2 6 . . . 5 6 . . . 11 . . . . 1 10 . . . 4 . . . . 3 . 1 . . Recyclers Shooed 6 | . 2 1 . . . . . . . . . . . . . . 2 1 . . . . . . . . . . . . Parts Field Recycled . | . . . . . . . . . . . . . . . . . . . . . . . . . . . . . . . Retrieved Matter . | . . . . . . . . . . . . . . . . . . . . . . . . . . . . . . . Parts Self-Destructed 142 | . . . . . . . . 19 . 36 . 33 4 . . 47 . . . . . 2 1 . . . . . . . Prevented 23 | . . . . . . . . 3 . 1 . 3 5 . . 2 . . . . . . 7 . 2 . . . . . Kills | -11 -10 -9 -9 -9 -8 -8 -7 -7 -7 -6 -6 -6 -6 -6 -6 -5 -5 -5 -4 -4 -4 -4 -4 -4 -3 -3 -3 -2 -2 -1 ------- Run | Scr Mat Mat Min Exi Min Mat Fac Low Dat Pro Fac Low Low Zio Dee Pro Fac Ext Fac Was Fac Upp Upp Zhi Pro Res Arm Res Qua Acc Combat Hostiles Destroyed 546 | . 15 17 9 . 14 51 43 11 . 19 54 20 3 . 18 22 51 37 . . 34 . 14 . 6 50 36 20 . 2 Melee 359 | . . 1 6 . 10 41 41 9 . 17 47 17 3 . 15 18 40 19 . . 23 . 4 . 2 24 12 9 . 1 Guns 14 | . 2 12 . . . . . . . . . . . . . . . . . . . . . . . . . . . . Cannons 15 | . 12 2 . . . . . . . . . . . . . . . . . . . . . . 1 . . . . . AOE 2 | . . 2 . . . . . . . . . . . . . . . . . . . . . . . . . . . . Classes Destroyed 27 | 3 6 1 1 . 1 4 2 1 . 2 2 . . . 2 . 1 1 . . . . . . . . . . . . Worker 20 | 2 1 1 . . . 2 2 . . . 7 . . . . . 5 . . . . . . . . . . . . . Builder 39 | . 1 1 2 . 3 3 1 . . . 4 . . . . . 7 3 . . 4 . . . . 10 . . . . Tunneler 10 | 5 1 1 . . 1 . . . . . 1 . . . . . . . . . . . . . . 1 . . . . Hauler 49 | . 2 6 . . . 5 6 . . . 11 . . . . 1 10 . . . 4 . . . . 3 . 1 . . Recycler 43 | 1 1 1 . . . 1 2 . . . 8 . . . . . 24 3 . . . . . . . 1 . 1 . . Minesweeper 4 | . . . . . . . . . . 1 . 3 . . . . . . . . . . . . . . . . . . Mechanic 4 | . . . . . . . . . . . 1 . . . . . 1 . . . . . . . . 1 1 . . . Operator 19 | . 1 1 . . . 3 5 . . . 2 . . . . . . 1 . . 2 . . . . 2 . 2 . . Drone 1 | . . . . . . . . . . . 1 . . . . . . . . . . . . . . . . . . . Watcher 70 | . 3 2 . . . 5 8 . . . 8 . . . . . 9 1 1 . 6 . . . . 9 2 9 3 4 Swarmer 114 | . 3 3 7 . 4 11 13 4 . 8 10 5 . . . 4 9 2 . . 10 . 1 . 4 16 . . . . Cutter 8 | . . . . . . 2 2 . . . . . . . . . . . . . 4 . . . . . . . . . Saboteur 2 | . . . . . . . . . . . . . . . . . . 1 . . 1 . . . . . . . . . Grunt 186 | . 12 9 . . 9 24 13 4 . 8 19 8 3 . . 10 9 15 . . 6 . 8 . 2 6 15 6 . . Brawler 11 | . . . . . . 2 . . . . . 3 . . . 1 . 1 . . . . 3 . . . 1 . . . Duelist 13 | . . . . . . . 1 . . . 2 1 . . . 1 . 2 . . . . . . . . 5 1 . . Protector 7 | . . . . . . 1 1 . . . . . . . . . 1 1 . . . . . . . . 3 . . . Sentry 73 | . . 5 1 . . 9 7 1 . 1 6 2 . . . 1 10 8 . . 4 . 2 . . 8 3 4 . 1 Demolisher 1 | . . . 1 . . . . . . . . . . . . . . . . . . . . . . . . . . . Specialist 5 | . . . . . . . . . . . . . . . . . 1 . . . . . . . . . 4 . . . Hunter 40 | . . . . . 1 1 2 . . 1 9 . . . . 4 10 . . . 3 . . . . 5 2 2 . . Programmer 50 | . . . . . . . 3 2 . . 6 . . . . . 11 . . . 6 . . . . 15 2 4 . 1 Heavy 2 | . . . . . . 1 1 . . . . . . . . . . . . . . . . . . . . . . . Behemoth 8 | . . . . . . . . . . 1 1 1 . . . 1 . . . . . . . . . . 1 3 . . Z-Technician 5 | . . . . . . . . . . . . . . . 5 . . . . . . . . . . . . . . . Z-Light 8 | . . . . . . . . . . . . . . . 8 . . . . . . . . . . . . . . . Decomposer 2 | . . . . . . . . . . . . . . . . . . . . . . 2 . . . . . . . . Packrat 2 | . . . . . . . . . . . . . . . . . . . . . . 2 . . . . . . . . Samaritan 9 | . . . . . . . . 1 . . . 1 . . . . . . . . . 7 . . . . . . . . Assembled 9 | . . . . . . . . . . . . . . . 9 . . . . . . . . . . . . . . . Thug 5 | . . . . . . . . . . . . . . . . . . 5 . . . . . . . . . . . . Savage 3 | . . . . . . . . . . . . . 1 . . . . 2 . . . . . . . . . . . . Best Kill Streak 14 | 4 4 6 6 . 3 12 7 5 . 6 14 11 3 . 5 6 8 11 1 . 6 . 4 . 4 6 9 6 2 2 Combat Bots Only 11 | . 4 5 3 . 3 9 7 5 . 6 8 11 3 . 4 5 6 10 . . 5 . 4 . 4 5 9 4 . 1 Max Kills in Single Turn 2 | 1 1 2 1 . 1 1 2 1 . 1 2 1 1 . 2 1 1 1 1 . 1 1 1 . 1 1 1 1 1 1 Gunslinging 1 | . . 1 . . . . . . . . . . . . . . . . . . . . . . . . . . . . Exploded 1 | . . 1 . . . . . . . . . . . . . . . . . . . . . . . . . . . . Melee 2 | . . 1 1 . 1 1 1 1 . 1 2 1 1 . 1 1 1 1 . . 1 . 1 . 1 1 1 1 . 1 Uniques/NPCs Destroyed 1 | . . . . . . . . . . . . . . . 1 . . . . . . . . . . . . . . . Z-Imprinter (-6/Deep Caves) Combat | -11 -10 -9 -9 -9 -8 -8 -7 -7 -7 -6 -6 -6 -6 -6 -6 -5 -5 -5 -4 -4 -4 -4 -4 -4 -3 -3 -3 -2 -2 -1 -------- Run | Scr Mat Mat Min Exi Min Mat Fac Low Dat Pro Fac Low Low Zio Dee Pro Fac Ext Fac Was Fac Upp Upp Zhi Pro Res Arm Res Qua Acc Damage Taken 17332 | . 697 642 280 . 450 1766 1576 309 . 707 1264 598 32 . 1769 793 1472 1048 . . 1574 . 133 . 250 1154 392 319 29 78 Core 11920 | . 526 393 218 . 294 1313 1206 253 . 561 965 350 16 . 1318 560 1009 571 . . 994 . 85 . 172 662 224 161 17 52 Absorbed by Shields 3153 | . . . . . . 196 436 80 . . 8 . . . . . . 59 . . . . 139 . 261 1130 406 331 29 78 Redirected to Core 8994 | . 417 357 123 . 243 989 890 180 . 491 759 267 16 . 965 492 799 348 . . 624 . 69 . 121 529 144 120 17 34 Redirected to Shielding 2126 | . 13 . . . . 32 77 . . . 69 166 10 . 196 27 216 358 . . 380 . 25 . 33 288 109 108 6 13 Regen/Repaired (Parts) 309 | . . . . . . . . . . . . . . . . . 177 . . . 132 . . . . . . . . . Core Remaining (%) 92 | 100 65 . . . 73 100 . . . 100 . . . . . 87 . 99 . . . . . . 100 . 100 . 98 93 Volleys Fired 156 | 14 87 52 . . . . . . . . . . . 3 . . . . . . . . . . . . . . . . Largest 2 | 2 2 2 . . . . . . . . . . . 1 . . . . . . . . . . . . . . . . Hottest 110 | 100 110 90 . . . . . . . . . . . . . . . . . . . . . . . . . . . . Shots Fired 306 | 28 171 104 . . . . . . . . . . . 3 . . . . . . . . . . . . . . . . Gun 172 | 28 56 88 . . . . . . . . . . . . . . . . . . . . . . . . . . . . Cannon 131 | . 115 16 . . . . . . . . . . . . . . . . . . . . . . . . . . . . Launcher . | . . . . . . . . . . . . . . . . . . . . . . . . . . . . . . . Special 3 | . . . . . . . . . . . . . . 3 . . . . . . . . . . . . . . . . Kinetic 83 | . 67 16 . . . . . . . . . . . . . . . . . . . . . . . . . . . . Thermal 148 | 28 104 16 . . . . . . . . . . . . . . . . . . . . . . . . . . . . Explosive 3 | . . . . . . . . . . . . . . 3 . . . . . . . . . . . . . . . . Electromagnetic 72 | . . 72 . . . . . . . . . . . . . . . . . . . . . . . . . . . . Robot Hit Streak 13 | 9 10 13 . . . . . . . . . . . . . . . . . . . . . . . . . . . . Robot Miss Streak 5 | 2 5 3 . . . . . . . . . . . . . . . . . . . . . . . . . . . . Penetration Max . | . . . . . . . . . . . . . . . . . . . . . . . . . . . . . . . Secondary Targets 1 | . . 1 . . . . . . . . . . . . . . . . . . . . . . . . . . . . Max Gunslinging Chain 1 | . . 1 . . . . . . . . . . . . . . . . . . . . . . . . . . . . Shots Hit Robots 1993 | 19 91 83 18 . 40 193 161 29 . 45 171 63 8 . 52 63 212 124 1 . 102 19 48 . 14 217 113 86 4 17 Core Hits 550 | 8 33 51 2 . 9 53 62 8 . 18 72 19 4 . 14 20 76 24 . . 17 5 5 . 1 16 21 11 . 1 Critical Kills 46 | . . . . . 3 3 1 . . . 3 . . . . 1 4 6 . . 9 . . . . 7 6 3 . . Critical Parts Destroyed 286 | . . . 3 . 7 15 3 1 . . 11 4 1 . 2 1 18 32 . . 27 3 13 . 6 69 28 32 . 10 Critical Strikes 419 | 2 4 3 4 . 10 30 16 4 . 5 29 11 1 . 3 8 29 39 . . 36 3 15 . 6 78 35 38 . 10 Burn 8 | 2 3 3 . . . . . . . . . . . . . . . . . . . . . . . . . . . . Blast 1 | . 1 . . . . . . . . . . . . . . . . . . . . . . . . . . . . . Smash 342 | . . . 4 . 10 18 4 1 . . 14 4 1 . 2 2 22 39 . . 36 3 15 . 6 78 35 38 . 10 Sever 68 | . . . . . . 12 12 3 . 5 15 7 . . 1 6 7 . . . . . . . . . . . . . Melee Attacks 3086 | . . 8 30 2 49 229 219 32 9 59 304 80 12 24 63 78 389 159 2 2 335 29 53 3 19 503 171 162 19 42 Impact 2200 | . . 8 30 2 49 126 28 10 4 23 124 36 5 11 25 33 187 159 2 2 335 29 53 3 19 503 171 162 19 42 Slashing 886 | . . . . . . 103 191 22 5 36 180 44 7 13 38 45 202 . . . . . . . . . . . . . Piercing . | . . . . . . . . . . . . . . . . . . . . . . . . . . . . . . . Sneak Attacks 318 | . . 1 2 . 7 22 20 1 . 4 47 11 4 . 7 2 75 22 . . 17 12 4 . . 28 19 10 . 3 Combat Hostiles 91 | . . . . . . 7 7 . . 3 8 4 3 . 2 1 17 8 . . 3 . 3 . . 11 8 4 . 2 Follow-up Attacks 529 | . . . 4 . 6 29 29 7 . 10 48 20 2 . 15 19 70 42 . . 35 4 26 . 5 74 46 28 1 9 Damage Inflicted 119280 | 238 1483 1591 803 . 1637 7270 8478 1807 . 2854 12459 3644 548 . 4012 4054 16617 8386 65 . 7203 2371 2614 . 834 14634 8297 5985 285 1111 Guns 1785 | 238 391 1156 . . . . . . . . . . . . . . . . . . . . . . . . . . . . Cannons 1214 | . 1066 148 . . . . . . . . . . . . . . . . . . . . . . . . . . . . Explosions 122 | . . 122 . . . . . . . . . . . . . . . . . . . . . . . . . . . . Melee 116133 | . . 165 803 . 1637 7270 8478 1807 . 2854 12459 3644 548 . 4012 4054 16617 8386 65 . 7203 2371 2614 . 834 14634 8297 5985 285 1111 Ramming 26 | . 26 . . . . . . . . . . . . . . . . . . . . . . . . . . . . . Kinetic 773 | . 625 148 . . . . . . . . . . . . . . . . . . . . . . . . . . . . Thermal 1342 | 238 832 272 . . . . . . . . . . . . . . . . . . . . . . . . . . . . Explosive . | . . . . . . . . . . . . . . . . . . . . . . . . . . . . . . . Electromagnetic 1006 | . . 1006 . . . . . . . . . . . . . . . . . . . . . . . . . . . . Impact 70636 | . . 165 803 . 1637 3549 654 391 . 563 2786 994 126 . 948 1138 5097 8386 65 . 7203 2371 2614 . 834 14634 8297 5985 285 1111 Slashing 45497 | . . . . . . 3721 7824 1416 . 2291 9673 2650 422 . 3064 2916 11520 . . . . . . . . . . . . . Piercing . | . . . . . . . . . . . . . . . . . . . . . . . . . . . . . . . Highest Corruption 16 | . 1 2 5 5 5 . 2 1 . . 2 . . . 2 2 1 2 . 15 16 10 7 7 10 6 3 1 2 1 Average Corruption 4 | . 1 2 4 5 5 . 1 1 . . 1 . . . 2 1 1 1 . 9 15 7 7 7 8 2 1 1 1 1 Corruption Purged 30 | . . . . . . . 2 1 . . 2 . . . . 2 . . . . 6 3 . . . 13 . . . 1 Corruption Blocked 2 | . . . . . . . . . . . . . . . . . . . . . 2 . . . . . . . . . Effects 212 | . 4 6 8 4 6 . 9 . . . 5 . . . 9 6 2 2 . 5 80 15 16 1 4 26 2 2 . . Message Errors 53 | . 1 1 3 1 1 . 3 . . . 1 . . . 1 . 1 1 . 1 21 4 4 . 2 7 . . . . Matter Fused 55 | . . 2 1 1 1 . 3 . . . 3 . . . 1 1 1 . . 1 23 6 2 . . 7 1 1 . . Heat Flow Errors 24 | . 2 1 1 1 . . 1 . . . . . . . 1 3 . . . . 4 1 3 . . 4 1 1 . . Energy Discharges 24 | . . . . . . . 2 . . . . . . . 2 1 . . . 1 7 1 4 1 . 5 . . . . Parts Rejected 2 | . . . 1 . . . . . . . . . . . . . . . . 1 . . . . . . . . . . Data Loss (minor) 23 | . . 1 1 1 1 . . . . . 1 . . . 1 . . 1 . . 11 1 2 . 1 1 . . . . Data Loss (major) 13 | . . 1 1 . 2 . . . . . . . . . 2 1 . . . 1 3 1 1 . . . . . . . Alerts 7 | . 1 . . . 1 . . . . . . . . . 1 . . . . . . 1 . . 1 2 . . . . Misdirections 11 | . . . . . . . . . . . . . . . . . . . . . 11 . . . . . . . . . Overload Shots . | . . . . . . . . . . . . . . . . . . . . . . . . . . . . . . . Overflow Damage 36444 | . 8 37 317 . 545 1313 997 308 . 172 2175 694 66 . 1123 648 4438 3086 41 . 3178 1660 946 . 463 7718 2671 2840 163 837 Projectiles 295 | . 8 . . . . . . . . . . . . . . . 57 . . . . . . . 70 151 . 9 . . Explosions . | . . . . . . . . . . . . . . . . . . . . . . . . . . . . . . . Melee 36149 | . . 37 317 . 545 1313 997 308 . 172 2175 694 66 . 1123 648 4381 3086 41 . 3178 1660 946 . 393 7567 2671 2831 163 837 Knockbacks 300 | . 11 2 2 . 1 19 3 1 . 4 6 . . . 6 4 25 30 1 . 29 . 1 . 10 80 40 22 2 1 Impact 264 | . 1 1 2 . 1 17 3 1 . 4 6 . . . 6 4 22 27 1 . 29 . 1 . 9 69 36 21 2 1 Kinetic 11 | . 10 1 . . . . . . . . . . . . . . . . . . . . . . . . . . . . Secondary 25 | . . . . . . 2 . . . . . . . . . . 3 3 . . . . . . 1 11 4 1 . . Self-Inflicted Damage 259 | . 1 258 . . . . . . . . . . . . . . . . . . . . . . . . . . . . Shots 4 | . . 4 . . . . . . . . . . . . . . . . . . . . . . . . . . . . Rammed 1 | . 1 . . . . . . . . . . . . . . . . . . . . . . . . . . . . . Targets Rammed 11 | . 11 . . . . . . . . . . . . . . . . . . . . . . . . . . . . . Kicked 10 | . 10 . . . . . . . . . . . . . . . . . . . . . . . . . . . . . Crushed . | . . . . . . . . . . . . . . . . . . . . . . . . . . . . . . . Highest Temperature 460 | 138 460 238 186 223 . 132 218 2 1 9 12 1 . 4 300 166 . 16 1 1 231 135 256 . . 365 230 171 . . Average Temperature 76 | 57 117 47 103 118 . 55 31 1 1 1 4 1 . 3 92 53 . 6 1 1 99 77 111 . . 113 131 96 . . Received Heat Transfer 3182 | . 342 144 27 . 216 394 262 45 . 162 231 147 18 . 306 114 177 327 . . 75 . 40 . 31 68 20 32 4 . Effects 10 | . 4 . . . . . 2 . . . . . . . 3 . . . . . . . 1 . . . . . . . Shutdowns 3 | . 3 . . . . . . . . . . . . . . . . . . . . . . . . . . . . . Energy Bleed 1 | . . . . . . . . . . . . . . . . . . . . . . . 1 . . . . . . . Interference 5 | . . . . . . . 2 . . . . . . . 3 . . . . . . . . . . . . . . . Short Circuit 1 | . 1 . . . . . . . . . . . . . . . . . . . . . . . . . . . . . Siege Activations . | . . . . . . . . . . . . . . . . . . . . . . . . . . . . . . . Robots Corrupted . | . . . . . . . . . . . . . . . . . . . . . . . . . . . . . . . Combat Hostiles . | . . . . . . . . . . . . . . . . . . . . . . . . . . . . . . . Parts Fried 389 | . . 10 5 . 19 35 4 3 . . 12 5 . . 7 8 48 42 2 . 29 2 16 . 6 57 42 23 5 9 Impact Corruptions 922 | . . 2 13 . 21 43 10 6 . 3 32 10 2 . 16 7 74 77 2 . 97 76 25 . 14 224 70 72 4 22 Robots Melted 2 | 1 1 . . . . . . . . . . . . . . . . . . . . . . . . . . . . . Combat Hostiles 1 | . 1 . . . . . . . . . . . . . . . . . . . . . . . . . . . . . Parts Melted 14 | 2 1 4 2 . . 1 1 1 . . . . . . . . . . . . . . . . . 2 . . . . Heat Transferred 3961 | 851 2294 816 . . . . . . . . . . . . . . . . . . . . . . . . . . . . Parts Sabotaged . | . . . . . . . . . . . . . . . . . . . . . . . . . . . . . . . Parts Stolen . | . . . . . . . . . . . . . . . . . . . . . . . . . . . . . . . Parts Stripped . | . . . . . . . . . . . . . . . . . . . . . . . . . . . . . . . Power Chain Reactions 3 | . . 3 . . . . . . . . . . . . . . . . . . . . . . . . . . . . Missiles Intercepted . | . . . . . . . . . . . . . . . . . . . . . . . . . . . . . . . Alert | -11 -10 -9 -9 -9 -8 -8 -7 -7 -7 -6 -6 -6 -6 -6 -6 -5 -5 -5 -4 -4 -4 -4 -4 -4 -3 -3 -3 -2 -2 -1 ------- Run | Scr Mat Mat Min Exi Min Mat Fac Low Dat Pro Fac Low Low Zio Dee Pro Fac Ext Fac Was Fac Upp Upp Zhi Pro Res Arm Res Qua Acc Peak Influence 2699 | 40 209 561 463 . 371 1482 2493 . . . 1962 . . . . . 1683 2699 1322 499 1740 . . . . 1609 1224 965 665 714 Initial 1322 | . 26 61 218 . . 144 674 . . . 155 . . . . . 113 1100 1322 421 349 . . . . 189 821 642 413 398 Average 846 | 12 72 354 384 . 232 777 1395 . . . 990 . . . . . 674 1813 1189 478 1013 . . . . 960 908 693 532 507 Maximum Alert Level 5 | . 1 2 2 . 1 4 5 . . . 5 . . . . . 5 5 4 2 5 . . . . 5 4 3 2 3 Low Security (%) 12 | 100 97 20 . . 31 10 . . . . 3 . . . . . 13 . . . . . . . . 3 . . . . Level 1 11 | . 2 32 36 . 68 15 . . . . 11 . . . . . 18 . . . 2 . . . . 14 . 4 . 4 Level 2 20 | . . 46 63 . . 16 8 . . . 11 . . . . . 30 . . 100 28 . . . . 9 1 40 100 95 Level 3 24 | . . . . . . 29 25 . . . 37 . . . . . 17 . . . 29 . . . . 25 95 54 . . Level 4 22 | . . . . . . 28 27 . . . 21 . . . . . 17 48 100 . 34 . . . . 46 2 . . . Level 5 3 | . . . . . . . 20 . . . 5 . . . . . 1 4 . . . . . . . . . . . . High Security 5 | . . . . . . . 17 . . . 8 . . . . . 1 46 . . 4 . . . . . . . . . Max Security . | . . . . . . . . . . . . . . . . . . . . . . . . . . . . . . . Squads Dispatched 193 | . 5 5 . . . 9 27 . . 1 35 . . . . . 27 9 1 . 23 . . . 1 28 6 12 1 3 Investigation 77 | . 4 4 . . . . 6 . . 1 21 . . . . . 6 . 1 . 7 . . . . 12 4 7 1 3 Extermination 21 | . . . . . . . 3 . . . 3 . . . . . 4 . . . 2 . . . . 5 1 3 . . Reinforcement 35 | . 1 1 . . . 5 5 . . . 2 . . . . . 6 . . . 9 . . . . 4 . 2 . . Assault 53 | . . . . . . 2 13 . . . 9 . . . . . 8 9 . . 5 . . . 1 5 1 . . . Garrison 7 | . . . . . . 2 . . . . . . . . . . 3 . . . . . . . . 2 . . . . Intercept . | . . . . . . . . . . . . . . . . . . . . . . . . . . . . . . . Searches Triggered 5 | . . . . . . . . . . . . . . . . . . . . . . . . . . 3 . 1 . 1 Data Miner Redirects 32 | . . . . . . . . . . . 11 . . . . . 6 . 1 . 4 . . . . 7 1 1 1 . Construction Impeded 4 | . . . . . . . . . . . . . . . . . . . . . 2 . . . . 2 . . . . Haulers Reinforced 7 | . . . . . . . 1 . . . 1 . . . . . 3 . . . 2 . . . . . . . . . Active Scanning Responses . | . . . . . . . . . . . . . . . . . . . . . . . . . . . . . . . Cargo Convoy Interrupts 2 | . . . . . . . 1 . . . . . . . . . 1 . . . . . . . . . . . . . Stealth | -11 -10 -9 -9 -9 -8 -8 -7 -7 -7 -6 -6 -6 -6 -6 -6 -5 -5 -5 -4 -4 -4 -4 -4 -4 -3 -3 -3 -2 -2 -1 --------- Run | Scr Mat Mat Min Exi Min Mat Fac Low Dat Pro Fac Low Low Zio Dee Pro Fac Ext Fac Was Fac Upp Upp Zhi Pro Res Arm Res Qua Acc Distress Signals 32 | . . 3 . . . 1 1 . . . 3 . . . . . 2 5 . . 4 . . . . 7 3 2 . 1 Communications Jammed . | . . . . . . . . . . . . . . . . . . . . . . . . . . . . . . . Distress Signals . | . . . . . . . . . . . . . . . . . . . . . . . . . . . . . . . Times Spotted 1068 | . 24 18 16 . 16 84 106 15 . 19 86 21 2 . 42 24 98 81 1 3 80 . 18 . 25 144 53 55 14 23 Peak Tracking Total 25 | . 5 4 7 . 4 7 18 5 . 6 5 9 1 . 25 4 14 18 1 2 11 . 4 . 16 14 9 8 8 11 Tactical Retreats 157 | . . . 1 . 2 14 15 1 . 2 12 3 . . 1 2 14 8 . . 19 . 3 . 4 28 12 11 1 4 Traps | -11 -10 -9 -9 -9 -8 -8 -7 -7 -7 -6 -6 -6 -6 -6 -6 -5 -5 -5 -4 -4 -4 -4 -4 -4 -3 -3 -3 -2 -2 -1 ------- Run | Scr Mat Mat Min Exi Min Mat Fac Low Dat Pro Fac Low Low Zio Dee Pro Fac Ext Fac Was Fac Upp Upp Zhi Pro Res Arm Res Qua Acc Traps Triggered 18 | . 3 3 . . . . 2 . . . 3 . . . . . . 1 1 . 2 . . . . 1 1 . . 1 Indirectly . | . . . . . . . . . . . . . . . . . . . . . . . . . . . . . . . Trap Hack Attempts . | . . . . . . . . . . . . . . . . . . . . . . . . . . . . . . . Triggered . | . . . . . . . . . . . . . . . . . . . . . . . . . . . . . . . Disarmed . | . . . . . . . . . . . . . . . . . . . . . . . . . . . . . . . Reprogrammed 6 | . . . . . . . 6 . . . . . . . . . . . . . . . . . . . . . . . Reused 1 | . . . . . . . 1 . . . . . . . . . . . . . . . . . . . . . . . Traps Extracted . | . . . . . . . . . . . . . . . . . . . . . . . . . . . . . . . Installed . | . . . . . . . . . . . . . . . . . . . . . . . . . . . . . . . Triggered 11 | . . . . . . . 2 1 . 2 . 1 . . . . 3 . . . . . . . . 1 . 1 . . Machines | -11 -10 -9 -9 -9 -8 -8 -7 -7 -7 -6 -6 -6 -6 -6 -6 -5 -5 -5 -4 -4 -4 -4 -4 -4 -3 -3 -3 -2 -2 -1 ---------- Run | Scr Mat Mat Min Exi Min Mat Fac Low Dat Pro Fac Low Low Zio Dee Pro Fac Ext Fac Was Fac Upp Upp Zhi Pro Res Arm Res Qua Acc Machines Disabled 42 | . 1 5 . . . 1 5 . . . 17 . . . . . 2 3 . . . . . . . 1 4 . 3 . Max in Single Turn 3 | . 1 3 . . . 1 1 . . . 1 . . . . . 1 . . . . . . . . 1 1 . 1 . Garrison Access 10 | . . . . . . 1 4 . . . 3 . . . . . 1 . . . . . . . . 1 . . . . Machines Sabotaged . | . . . . . . . . . . . . . . . . . . . . . . . . . . . . . . . Garrisons Compromised 1 | . . . . . . . . . . . . . . . . . 1 . . . . . . . . . . . . . Overloaded Fab Kills . | . . . . . . . . . . . . . . . . . . . . . . . . . . . . . . . Hacking | -11 -10 -9 -9 -9 -8 -8 -7 -7 -7 -6 -6 -6 -6 -6 -6 -5 -5 -5 -4 -4 -4 -4 -4 -4 -3 -3 -3 -2 -2 -1 --------- Run | Scr Mat Mat Min Exi Min Mat Fac Low Dat Pro Fac Low Low Zio Dee Pro Fac Ext Fac Was Fac Upp Upp Zhi Pro Res Arm Res Qua Acc Machines Accessed 212 | . 6 6 . 4 . 10 13 3 4 1 31 . 2 . . 1 27 2 3 . 20 1 1 9 . 24 6 23 9 6 Terminals 134 | . 6 6 . . . 9 12 . . 1 19 . . . . 1 18 2 2 . 14 . . . . 13 6 15 6 4 Fabricators 19 | . . . . . . . . . . . 6 . . . . . 2 . 1 . 4 . . . . 4 . 2 . . Repair Stations 3 | . . . . . . . . . . . . . . . . . 1 . . . 1 . . . . 1 . . . . Recycling Units 9 | . . . . . . . . . . . 4 . . . . . 3 . . . . . . . . 2 . . . . Scanalyzers 10 | . . . . . . 1 1 . . . . . . . . . 1 . . . . . . . . 1 . 4 2 . Garrison Access 13 | . . . . . . . . . . . 2 . . . . . 2 . . . 1 . . . . 3 . 2 1 2 Total Hacks 802 | . 22 19 . 49 . 44 58 6 19 4 88 . 5 . . 1 92 5 8 . 72 2 1 48 . 124 23 78 20 14 Successful 538 | . 14 7 . 49 . 25 37 6 19 4 46 . 5 . . 1 48 2 5 . 62 2 1 48 . 82 9 47 15 4 Failed 257 | . 8 12 . . . 19 18 . . . 42 . . . . . 44 3 3 . 8 . . . . 41 14 31 4 10 Catastrophic 47 | . . 5 . . . 8 2 . . . 6 . . . . . 11 . . . 1 . . . . 3 2 6 2 1 Database Lockouts 7 | . . . . . . . 3 . . . . . . . . . . . . . 2 . . . . 1 . . 1 . Manual 263 | . . 3 . 1 . 10 9 . . . 34 . 1 4 . 1 50 1 2 . 41 1 . 2 . 67 1 27 4 4 Terminals 551 | . 22 19 . . . 42 53 . . 4 62 . . . . 1 68 5 5 . 60 . . . . 100 23 61 16 10 Fabricators 45 | . . . . . . . . . . . 15 . . . . . 5 . 3 . 8 . . . . 9 . 5 . . Repair Stations 8 | . . . . . . . . . . . . . . . . . 4 . . . 2 . . . . 2 . . . . Recycling Units 18 | . . . . . . . . . . . 8 . . . . . 7 . . . . . . . . 3 . . . . Scanalyzers 21 | . . . . . . 2 5 . . . . . . . . . 3 . . . . . . . . 4 . 5 2 . Garrison Access 29 | . . . . . . . . . . . 3 . . . . . 5 . . . 2 . . . . 6 . 7 2 4 Terminal Hacks 417 | . 14 7 . 49 . 23 32 6 19 4 28 . 5 . . 1 22 2 2 . 45 2 1 48 . 55 9 29 11 3 Record 151 | . 5 1 . 49 . 4 12 4 11 4 . . 4 . . 1 . . . . 5 2 . 36 . 1 . 7 5 . Part Schematic 17 | . . . . . . . 3 . 1 . 1 . . . . . 4 . . . 1 . . 4 . 2 . 1 . . Robot Schematic 4 | . . . . . . . . . 4 . . . . . . . . . . . . . . . . . . . . . Robot Analysis 18 | . . 1 . . . 1 2 . . . 2 . . . . . 1 . . . 1 . . 4 . 1 1 4 . . Prototype ID Bank 24 | . 2 . . . . 2 2 . 3 . 3 . . . . . 2 1 . . 1 . . 4 . 3 1 . . . Open Door 7 | . . . . . . . . 2 . . . . 1 . . . . 1 . . . . 1 . . . . . 1 1 Open DSF 1 | . . . . . . . . . . . 1 . . . . . . . . . . . . . . . . . . . Level Access Points 3 | . . . . . . . . . . . . . . . . . . . . . 1 . . . . . . . 1 1 Branch Access Points 6 | . . . . . . 1 1 . . . . . . . . . 1 . . . 1 . . . . . . 1 1 . Emergency Access Points 5 | . . . . . . . . . . . . . . . . . . . . . 2 . . . . 3 . . . . Machine Index 2 | . . . . . . . . . . . . . . . . . . . . . . . . . . 1 . 1 . . Terminal Index 5 | . . . . . . . . . . . 1 . . . . . 1 . . . 1 . . . . 1 . 1 . . Fabricator Index 4 | . . . . . . . . . . . 1 . . . . . 1 . . . 1 . . . . 1 . . . . Repair Station Index 1 | . . . . . . . . . . . . . . . . . . . . . . . . . . . . 1 . . Alert Level 27 | . 2 2 . . . 3 4 . . . 6 . . . . . 1 . 1 . 2 . . . . 3 1 2 . . Unreport Threat 35 | . . 1 . . . 4 3 . . . 4 . . . . . 5 . 1 . . . . . . 6 5 6 . . Locate Traps 13 | . 1 . . . . 3 1 . . . 2 . . . . . 1 . . . 1 . . . . 3 . . 1 . Reprogram Traps 1 | . . . . . . . 1 . . . . . . . . . . . . . . . . . . . . . . . Dispatch Records 11 | . . . . . . 2 . . . . 2 . . . . . 1 . . . . . . . . 3 . 2 1 . Maintenance Status 2 | . 1 . . . . . . . . . . . . . . . 1 . . . . . . . . . . . . . Security Status 2 | . . . . . . . . . . . 1 . . . . . . . . . . . . . . 1 . . . . Transport Status 2 | . . . . . . 1 1 . . . . . . . . . . . . . . . . . . . . . . . Extermination Status 1 | . . . . . . . . . . . . . . . . . . . . . . . . . . 1 . . . . Reinforcement Status 1 | . . . . . . . . . . . . . . . . . . . . . . . . . . 1 . . . . Recall Investigation 6 | . . . . . . . . . . . . . . . . . . . . . 4 . . . . 2 . . . . Recall Extermination 3 | . . . . . . . . . . . . . . . . . . . . . 2 . . . . . . . . 1 Recall Reinforcements 5 | . . . . . . . . . . . . . . . . . . . . . 2 . . . . 2 . . 1 . Recall Assault 7 | . . . . . . . . . . . . . . . . . . . . . 3 . . . . 4 . . . . Hauler Manifests 15 | . 2 2 . . . 1 . . . . 4 . . . . . 2 . . . 1 . . . . 1 1 1 . . Registered Components 5 | . . . . . . 1 1 . . . . . . . . . . . . . 1 . . . . 1 . 1 . . Registered Prototypes 5 | . . . . . . . 1 . . . . . . . . . 1 . . . 1 . . . . 1 . 1 . . Zone Layout 28 | . 1 . . . . . . . . . . . . . . . . . . . 14 . . . . 13 . . . . Fabricator Hacks 40 | . . . . . . . . . . . 12 . . . . . 5 . 3 . 8 . . . . 8 . 4 . . Load Schematic 20 | . . . . . . . . . . . 6 . . . . . 3 . 1 . 4 . . . . 4 . 2 . . Build 20 | . . . . . . . . . . . 6 . . . . . 2 . 2 . 4 . . . . 4 . 2 . . Repair Station Hacks 8 | . . . . . . . . . . . . . . . . . 4 . . . 2 . . . . 2 . . . . Scan Component 4 | . . . . . . . . . . . . . . . . . 2 . . . 1 . . . . 1 . . . . Repair 4 | . . . . . . . . . . . . . . . . . 2 . . . 1 . . . . 1 . . . . Recycling Unit Hacks 10 | . . . . . . . . . . . 3 . . . . . 4 . . . . . . . . 3 . . . . Report Inventory 4 | . . . . . . . . . . . 1 . . . . . 2 . . . . . . . . 1 . . . . Retrieve Components 6 | . . . . . . . . . . . 2 . . . . . 2 . . . . . . . . 2 . . . . Scanalyzer 21 | . . . . . . 2 5 . . . . . . . . . 3 . . . . . . . . 4 . 5 2 . Insert Component 15 | . . . . . . 1 3 . . . . . . . . . 2 . . . . . . . . 2 . 5 2 . Analyze 6 | . . . . . . 1 2 . . . . . . . . . 1 . . . . . . . . 2 . . . . Garrison Access Hacks . | . . . . . . . . . . . . . . . . . . . . . . . . . . . . . . . Unauthorized Hacks 41 | . . . . . . . . . . . 3 . . . . . 10 . . . 7 . . . . 10 . 8 2 1 Terminals 26 | . . . . . . . . . . . . . . . . . 9 . . . 5 . . . . 6 . 5 1 . Assimilate 21 | . . . . . . . . . . . . . . . . . 7 . . . 5 . . . . 5 . 4 . . Operators 5 | . . . . . . . . . . . . . . . . . 2 . . . . . . . . 1 . 1 1 . Fabricators . | . . . . . . . . . . . . . . . . . . . . . . . . . . . . . . . Repair Stations . | . . . . . . . . . . . . . . . . . . . . . . . . . . . . . . . Recycling Units 2 | . . . . . . . . . . . 2 . . . . . . . . . . . . . . . . . . . Monitor 2 | . . . . . . . . . . . 2 . . . . . . . . . . . . . . . . . . . Scanalyzers . | . . . . . . . . . . . . . . . . . . . . . . . . . . . . . . . Garrison Access 13 | . . . . . . . . . . . 1 . . . . . 1 . . . 2 . . . . 4 . 3 1 1 Reprogram 10 | . . . . . . . . . . . 1 . . . . . 1 . . . 1 . . . . 3 . 2 1 1 Watchers 3 | . . . . . . . . . . . . . . . . . . . . . 1 . . . . 1 . 1 . . Data Cores Recovered 6 | . . . . . . 1 2 . . . 2 . . . . . . . . . . . . . . . . 1 . . Used 4 | . . . . . . . 2 . . . 2 . . . . . . . . . . . . . . . . . . . Hacking Detections 161 | . 6 6 . . . 9 11 . . 1 28 . . . . . 24 2 3 . 17 . . . . 22 6 16 4 6 Full Trace Events 72 | . 5 4 . . . 4 6 . . 1 20 . . . . . 5 . 1 . 6 . . . . 9 4 4 1 2 Feedback Events 5 | . . . . . . . . . . . . . . . . . . . . . . . . . . 4 . . . 1 Corruption 3 | . . . . . . . . . . . . . . . . . . . . . . . . . . 2 . . . 1 Hackware Fried 2 | . . . . . . . . . . . . . . . . . . . . . . . . . . 2 . . . . Feedback Blocked 4 | . . . . . . . . . . . 1 . . . . . . . . . 1 . . . . . 1 1 . . Robot Schematics Acquired 7 | . . . . . . . . . 4 . . . . 3 . . . . . . . . . . . . . . . . Robots Built . | . . . . . . . . . . . . . . . . . . . . . . . . . . . . . . . Authchips . | . . . . . . . . . . . . . . . . . . . . . . . . . . . . . . . Time . | . . . . . . . . . . . . . . . . . . . . . . . . . . . . . . . Total Robot Build Rating . | . . . . . . . . . . . . . . . . . . . . . . . . . . . . . . . Part Schematics Acquired 36 | . . . . . . 1 5 . 1 . 1 . . 14 . . 4 . . . 1 . . 4 . 4 . 1 . . Parts Built 22 | . . . . . . . . . . . 6 . . . . . 2 . 1 . 5 . . . . 6 . 2 . . Authchips . | . . . . . . . . . . . . . . . . . . . . . . . . . . . . . . . Time 1902 | . . . . . . . . . . . 469 . . . . . 304 . 122 . 458 . . . . 364 . 185 . . Total Part Build Rating 115 | . . . . . . . . . . . 24 . . . . . 10 . 6 . 25 . . . . 32 . 18 . . Parts Repaired 4 | . . . . . . . . . . . . . . . . . 2 . . . 1 . . . . 1 . . . . Time 202 | . . . . . . . . . . . . . . . . . 94 . . . 40 . . . . 68 . . . . Parts Recycled . | . . . . . . . . . . . . . . . . . . . . . . . . . . . . . . . Recycled Matter . | . . . . . . . . . . . . . . . . . . . . . . . . . . . . . . . Retrieved Matter . | . . . . . . . . . . . . . . . . . . . . . . . . . . . . . . . Retrieved Components 43 | . . . . . . . . . . . 17 . . . . . 20 . . . . . . . . 6 . . . . Parts Scanalyzed 6 | . . . . . . 1 2 . . . . . . . . . 1 . . . . . . . . 2 . . . . Part Schematics Acquired 6 | . . . . . . 1 2 . . . . . . . . . 1 . . . . . . . . 2 . . . . Parts Damaged 1 | . . . . . . . . . . . . . . . . . . . . . . . . . . 1 . . . . Bothacking | -11 -10 -9 -9 -9 -8 -8 -7 -7 -7 -6 -6 -6 -6 -6 -6 -5 -5 -5 -4 -4 -4 -4 -4 -4 -3 -3 -3 -2 -2 -1 ------------ Run | Scr Mat Mat Min Exi Min Mat Fac Low Dat Pro Fac Low Low Zio Dee Pro Fac Ext Fac Was Fac Upp Upp Zhi Pro Res Arm Res Qua Acc Used RIF Installer . | . . . . . . . . . . . . . . . . . . . . . . . . . . . . . . . Robots Hacked . | . . . . . . . . . . . . . . . . . . . . . . . . . . . . . . . Non-combat . | . . . . . . . . . . . . . . . . . . . . . . . . . . . . . . . Combat . | . . . . . . . . . . . . . . . . . . . . . . . . . . . . . . . Robot Hacks Applied . | . . . . . . . . . . . . . . . . . . . . . . . . . . . . . . . Relay Couplers Released 11 | . . . . . . 2 3 . . . 4 . . . . . 1 . . . . . . . . 1 . . . . Machine Destruction 10 | . . . . . . 2 3 . . . 3 . . . . . 1 . . . . . . . . 1 . . . . Programmers 1 | . . . . . . . . . . . 1 . . . . . . . . . . . . . . . . . . . Fabnet Peak Effective % . | . . . . . . . . . . . . . . . . . . . . . . . . . . . . . . . Robots Rewired . | . . . . . . . . . . . . . . . . . . . . . . . . . . . . . . . Allies Hacked 2 | . . . . . . . . . . . . . . . . . . . . . 1 . . . . . . 1 . . Hacks Repelled . | . . . . . . . . . . . . . . . . . . . . . . . . . . . . . . . Allies | -11 -10 -9 -9 -9 -8 -8 -7 -7 -7 -6 -6 -6 -6 -6 -6 -5 -5 -5 -4 -4 -4 -4 -4 -4 -3 -3 -3 -2 -2 -1 -------- Run | Scr Mat Mat Min Exi Min Mat Fac Low Dat Pro Fac Low Low Zio Dee Pro Fac Ext Fac Was Fac Upp Upp Zhi Pro Res Arm Res Qua Acc Total Allies 68 | . . . 3 . . . . . . 1 3 . . 4 . . 7 7 . 18 5 . . . . 11 . 9 . . Largest Group 18 | . . . 3 2 . . . . . 1 2 . . 4 1 . 5 5 . 18 2 . . . . 4 . 5 . . Highest-Rated Group 656 | . . . 40 24 . . . . . 96 58 . . 154 42 . 156 264 . 656 84 . . . . 188 . 290 . . Highest-Rated Ally 159 | . . . 16 16 . . . . . 96 29 . . 42 42 . 68 159 . 50 42 . . . . 47 . 69 . . Total Orders . | . . . . . . . . . . . . . . . . . . . . . . . . . . . . . . . Ally Attacks 310 | . . . 20 . . . . . . 8 9 . . . 2 . 10 89 . 112 3 . . . . 24 . 33 . . Total Damage 9161 | . . . 178 . . . . . . 142 151 . . . 9 . 573 2052 . 4321 39 . . . . 649 . 1047 . . Kills 44 | . . . 4 . . . . . . . 1 . . . . . 5 15 . 12 . . . . . 3 . 4 . . Allies Corrupted . | . . . . . . . . . . . . . . . . . . . . . . . . . . . . . . . Allies Melted 1 | . . . . . . . . . . . . . . . . . . 1 . . . . . . . . . . . . Intel | -11 -10 -9 -9 -9 -8 -8 -7 -7 -7 -6 -6 -6 -6 -6 -6 -5 -5 -5 -4 -4 -4 -4 -4 -4 -3 -3 -3 -2 -2 -1 ------- Run | Scr Mat Mat Min Exi Min Mat Fac Low Dat Pro Fac Low Low Zio Dee Pro Fac Ext Fac Was Fac Upp Upp Zhi Pro Res Arm Res Qua Acc Robot Analysis Total 18 | . . 1 . . . 1 2 . . . 2 . . . . . 1 . . . 1 . . 4 . 1 1 4 . . Derelict Logs Recovered 14 | . . . 1 . . . . 2 . 1 . 2 . 3 . 2 . . . . . 2 1 . . . . . . . Drone Launches . | . . . . . . . . . . . . . . . . . . . . . . . . . . . . . . . Drone Recoveries . | . . . . . . . . . . . . . . . . . . . . . . . . . . . . . . . Decoded 0b10 Intel 11 | . . . . . . . . . . . 7 . . . . . 4 . . . . . . . . . . . . . Items 4 | . . . . . . . . . . . . . . . . . 4 . . . . . . . . . . . . . Garrisons 1 | . . . . . . . . . . . 1 . . . . . . . . . . . . . . . . . . . Patrols 1 | . . . . . . . . . . . 1 . . . . . . . . . . . . . . . . . . . Investigations 2 | . . . . . . . . . . . 2 . . . . . . . . . . . . . . . . . . . Guards 3 | . . . . . . . . . . . 3 . . . . . . . . . . . . . . . . . . . Exploration | -11 -10 -9 -9 -9 -8 -8 -7 -7 -7 -6 -6 -6 -6 -6 -6 -5 -5 -5 -4 -4 -4 -4 -4 -4 -3 -3 -3 -2 -2 -1 ------------- Run | Scr Mat Mat Min Exi Min Mat Fac Low Dat Pro Fac Low Low Zio Dee Pro Fac Ext Fac Was Fac Upp Upp Zhi Pro Res Arm Res Qua Acc Turns Passed 23722 | 121 1243 591 329 187 395 1378 1965 583 52 478 2162 517 358 502 765 860 2324 623 102 155 1602 399 571 77 146 2876 655 1096 190 420 Spaces Moved 49682 | 69 863 845 700 640 785 2068 4070 1050 153 1148 5336 1364 1272 1405 1513 1113 5275 898 221 456 3380 1082 1218 240 348 5307 1032 3457 814 1560 Core 22 | 22 . . . . . . . . . . . . . . . . . . . . . . . . . . . . . . Treads . | . . . . . . . . . . . . . . . . . . . . . . . . . . . . . . . Legs 565 | 47 518 . . . . . . . . . . . . . . . . . . . . . . . . . . . . . Wheels . | . . . . . . . . . . . . . . . . . . . . . . . . . . . . . . . Hover . | . . . . . . . . . . . . . . . . . . . . . . . . . . . . . . . Flight 49095 | . 345 845 700 640 785 2068 4070 1050 153 1148 5336 1364 1272 1405 1513 1113 5275 898 221 456 3380 1082 1218 240 348 5307 1032 3457 814 1560 Fastest Speed 15 | 50 40 29 26 26 26 26 23 23 23 20 20 20 20 20 20 20 20 20 20 20 20 24 24 24 24 20 20 15 15 15 Average Speed 23 | 97 101 31 26 26 26 26 23 41 23 25 20 20 20 20 20 20 20 20 20 20 20 24 24 24 24 22 20 17 15 15 Slowest Speed 120 | 120 120 117 29 26 26 29 106 103 23 103 20 20 20 20 20 20 88 20 20 20 24 24 24 24 24 90 20 95 15 15 Overloaded Moves . | . . . . . . . . . . . . . . . . . . . . . . . . . . . . . . . Propulsion Burnouts . | . . . . . . . . . . . . . . . . . . . . . . . . . . . . . . . Robots Hopped 96 | . . 3 . . . 5 9 . . . 20 1 . . . . 17 . . . 5 . . . . 14 . 8 10 4 Cave-ins Triggered . | . . . . . . . . . . . . . . . . . . . . . . . . . . . . . . . Teleports 1 | . . . . . . . . . . . . . . . . . . . . . . . . 1 . . . . . . Exploration Rate (%) 79 | 4 93 77 97 94 99 94 85 98 80 94 93 96 98 93 91 97 95 78 9 97 73 98 94 62 58 92 70 70 53 37 Regions Visited 30 Branch Regions 18 Pre-discovered Areas 9 | . . . . 1 . . . 1 1 1 . . 1 1 . . . . . . . . . 3 . . . . . . Known Exits Taken 22 | . . . . . . 1 1 1 1 1 1 1 1 1 1 1 1 1 . . 1 1 1 1 1 1 1 1 1 . Unknown Exits Taken 6 | 1 1 1 1 1 1 . . . . . . . . . . . . . . . . . . . . . . . . . Scrap Searched 27 | . . . 3 . 1 . . 3 . 5 . 3 1 4 . 2 . . . . . 3 1 . 1 . . . . . Spaces Dug 446 | . . 4 4 1 1 10 18 . 5 . 30 1 1 30 . 1 54 . . 1 107 1 1 2 . 119 9 29 4 13 Terrain Destroyed 527 | . . 54 4 1 1 10 18 . 5 . 30 1 1 61 . 1 54 . . 1 107 1 1 2 . 119 9 29 4 13 Melee 426 | . . 4 4 1 1 10 18 . 5 . 30 1 1 10 . 1 54 . . 1 107 1 1 2 . 119 9 29 4 13 Projectile 3 | . . . . . . . . . . . . . . 3 . . . . . . . . . . . . . . . . AOE 98 | . . 50 . . . . . . . . . . . 48 . . . . . . . . . . . . . . . . Terrain Rammed . | . . . . . . . . . . . . . . . . . . . . . . . . . . . . . . . Walls Destroyed . | . . . . . . . . . . . . . . . . . . . . . . . . . . . . . . . Machines Disabled . | . . . . . . . . . . . . . . . . . . . . . . . . . . . . . . . Actions | -11 -10 -9 -9 -9 -8 -8 -7 -7 -7 -6 -6 -6 -6 -6 -6 -5 -5 -5 -4 -4 -4 -4 -4 -4 -3 -3 -3 -2 -2 -1 --------- Run | Scr Mat Mat Min Exi Min Mat Fac Low Dat Pro Fac Low Low Zio Dee Pro Fac Ext Fac Was Fac Upp Upp Zhi Pro Res Arm Res Qua Acc Total 58389 | 93 1053 1045 795 659 897 2586 4804 1155 157 1254 6119 1537 1364 1604 1919 1679 6190 1197 276 516 3953 1181 1437 252 386 6508 1357 3830 863 1723 Wait 5266 | . 41 46 64 . 59 178 447 51 . 24 484 103 77 162 306 446 589 141 53 57 303 67 172 2 10 766 210 233 29 146 Move 49466 | 68 862 838 699 639 784 2057 4051 1049 152 1147 5298 1361 1271 1404 1512 1112 5242 897 221 455 3369 1081 1217 239 347 5278 1031 3440 793 1552 Hop 89 | . . 3 . . . 5 8 . . . 17 1 . . . . 15 . . . 5 . . . . 14 . 8 10 3 Pick Up 155 | 5 5 8 . 5 . 17 16 2 . 1 8 . 1 6 6 6 11 4 . . 6 . 4 . 1 26 2 9 6 . Fast Attach 160 | 2 11 21 2 2 1 11 14 . . 4 12 . 1 4 9 2 14 . 1 . 19 . . 6 . 13 3 6 1 1 Attach 91 | 3 2 3 . . . 11 17 2 . 1 6 . . 1 6 3 7 . . . 5 1 . . . 17 . 1 5 . Detach 21 | . . . . . . 1 4 2 . 1 2 . . . 2 . 3 . . . 1 . . . . 4 . 1 . . Swap 93 | 1 3 3 . 2 . 4 8 . . . 18 . . 1 2 3 6 . . . 6 . . . . 24 3 6 3 . Drop 264 | . 11 25 1 9 . 20 29 1 . 1 23 . 2 10 15 5 24 3 . . 18 . 3 3 2 34 3 16 6 . Fire 156 | 14 87 52 . . . . . . . . . . . 3 . . . . . . . . . . . . . . . . Melee 1791 | . . 8 24 2 43 187 158 22 5 36 180 44 7 13 38 45 202 82 1 1 178 16 23 2 9 268 79 87 10 21 Ram 1 | . 1 . . . . . . . . . . . . . . . . . . . . . . . . . . . . . Kick 10 | . 10 . . . . . . . . . . . . . . . . . . . . . . . . . . . . . Crush . | . . . . . . . . . . . . . . . . . . . . . . . . . . . . . . . Escape Stasis 21 | . . . . . . . 1 . . . 2 . . . . . . 18 . . . . . . . . . . . . Rewire . | . . . . . . . . . . . . . . . . . . . . . . . . . . . . . . . Trap . | . . . . . . . . . . . . . . . . . . . . . . . . . . . . . . . Miscellaneous 805 | . 20 38 5 . 10 95 51 26 . 39 69 28 5 . 23 57 77 52 . 3 43 16 18 . 17 64 26 23 . . Route ------- -11/Scrapyard -10/Materials (discovered 4 exits: *Mat x3 / [*Min]) -9/Materials (discovered 4 exits: *Mat x2 / [*Min] / [*Sto]) -9/Mines (discovered 3 exits: *Mat x2 / *Exi) -9/Exiles (discovered 2 exits: [*Min x2]) -8/Mines (discovered 2 exits: *Mat x2) -8/Materials (discovered 3 exits: *Fac x3) -7/Factory (discovered 6 exits: *Fac x4 / *Low x2) -7/Lower Caves (discovered 2 exits: *Low / *Dat) -7/Data Miner -6/Proximity Caves -6/Factory (discovered 6 exits: *Fac x4 / *Low x2) -6/Lower Caves -6/Lower Caves (discovered 2 exits: *Fac / *Zio) -6/Zion (discovered 2 exits: *Dee / *Pro) -6/Deep Caves -5/Proximity Caves -5/Factory (discovered 7 exits: *Fac x3 / *Upp x2 / *Ext x2) -5/Extension (discovered 3 exits: *Fac x2 / [*Cet]) -4/Factory -4/Waste -4/Factory (discovered 6 exits: *Res x4 / *Upp x2) -4/Upper Caves -4/Upper Caves (discovered 2 exits: *Res / *Zhi) -4/Zhirov -3/Proximity Caves -3/Research (discovered 6 exits: *Res x3 / *Arm / *Tes x2) -3/Armory -2/Research (discovered 3 exits: *Acc / *Qua x2) -2/Quarantine -1/Access Tau Ceti IV Orbit History --------- Turn | Location | Event 1 | -11/Scrapyard | Upgraded with Propulsion slot (x1) 1 | -11/Scrapyard | Upgraded with Utility slot (x1) 1 | -11/Scrapyard | Upgraded with Weapon slot (x1) 8 | -11/Scrapyard | Discovered new exit (range 15) 122 | -11/Scrapyard | Entered Materials 306 | -10/Materials | Build established: Mutant 356 | -10/Materials | Discovered new exit (range 5) 372 | -10/Materials | Discovered new exit (range 12) 416 | -10/Materials | Discovered new exit (range 17) 1201 | -10/Materials | Reached level 2 1204 | -10/Materials | Upgraded with Utility slot (x1) 1307 | -10/Materials | Discovered new exit (range 3) 1365 | -10/Materials | Entered another Materials area 1367 | -9/Materials | Reached level 3 1367 | -9/Materials | Upgraded with Propulsion slot (x1) 1514 | -9/Materials | Reached level 4 1517 | -9/Materials | Upgraded with Utility slot (x1) 1534 | -9/Materials | Discovered new exit (range 18) 1651 | -9/Materials | Build established: Scavenger-Mutant 1736 | -9/Materials | Discovered new exit (range 12) 1763 | -9/Materials | Discovered new exit (range 3) 1773 | -9/Materials | Discovered new exit (range 18) 1826 | -9/Materials | Reached level 5 1832 | -9/Materials | Upgraded with Propulsion slot (x1) 1956 | -9/Materials | Entered Mines 1957 | -9/Mines | Assisted by bots powering up and referring to "LRC-V3" 1975 | -9/Mines | Assembled infested the area 1987 | -9/Mines | Discovered new exit (range 10) 1993 | -9/Mines | Build established: Sprinter 2022 | -9/Mines | Reached level 6 2024 | -9/Mines | Upgraded with Utility slot (x1) 2043 | -9/Mines | Joined a pair of Derelicts in attacking an 0b10 outpost 2090 | -9/Mines | Discovered new exit (range 6) 2101 | -9/Mines | Found a hidden stash of uninstalled traps 2175 | -9/Mines | Deemed a non-threat by the Exiles lab entrance 2175 | -9/Mines | Discovered new exit (range 5) 2285 | -9/Mines | Entered Exiles 2285 | -9/Exiles | Accompanied by 2 allies 2289 | -9/Exiles | Discovered new exit (range 17) 2322 | -9/Exiles | Met 8R-AWN 2326 | -9/Exiles | Met EX-HEX 2344 | -9/Exiles | Met EX-DEC 2351 | -9/Exiles | Visited The Gauntlet 2390 | -9/Exiles | Learned location of Zion (-6) 2404 | -9/Exiles | Discovered new exit (range 15) 2421 | -9/Exiles | Met EX-BIN 2472 | -9/Exiles | Entered Mines 2496 | -8/Mines | Reached level 7 2633 | -8/Mines | Discovered new exit (range 9) 2641 | -8/Mines | Discovered new exit (range 10) 2867 | -8/Mines | Entered Materials 2868 | -8/Materials | Identified exit to Factory 2869 | -8/Materials | Reached level 8 2906 | -8/Materials | Reached level 9 3177 | -8/Materials | Build established: Scout 3228 | -8/Materials | Garrison activated, responded to threat 3251 | -8/Materials | Reached level 10 3364 | -8/Materials | Reached level 11 3367 | -8/Materials | Upgraded with Weapon slot (x1) 3427 | -8/Materials | Core integrity fell below 50% 3520 | -8/Materials | Build established: Hacker-Scout 3661 | -8/Materials | Discovered exit to Factory (range 3) 3866 | -8/Materials | Reached level 12 3900 | -8/Materials | Destroyed 9 combat bots 3940 | -8/Materials | Discovered exit to Factory (range 5) 4067 | -8/Materials | First assault squad dispatched 4245 | -8/Materials | Entered Factory 4247 | -7/Factory | Reached level 13 4247 | -7/Factory | Upgraded with Power slot (x1) 4302 | -7/Factory | Reached level 14 4305 | -7/Factory | Upgraded with Propulsion slot (x1) 4378 | -7/Factory | Central database locked down 4484 | -7/Factory | Discovered new exit (range 9) 4486 | -7/Factory | Identified exit to Factory 4521 | -7/Factory | Discovered exit to Factory (range 8) 4554 | -7/Factory | Central database locked down 4619 | -7/Factory | Reached level 15 4622 | -7/Factory | Upgraded with Utility slot (x1) 4771 | -7/Factory | Identified exit to Lower Caves 4812 | -7/Factory | Central database locked down 4820 | -7/Factory | Discovered exit to Factory (range 16) 4895 | -7/Factory | Found Prototype Device 4914 | -7/Factory | Identified Active Sensor Suite 5045 | -7/Factory | First assault squad dispatched 5081 | -7/Factory | Destroyed 7 combat bots 5102 | -7/Factory | Reached level 16 5104 | -7/Factory | Upgraded with Weapon slot (x1) 5398 | -7/Factory | Discovered exit to Factory (range 5) 5872 | -7/Factory | High security lockdown imminent 5909 | -7/Factory | Cargo convoy interrupted 5952 | -7/Factory | High security lockdown engaged 6183 | -7/Factory | Reached level 17 6210 | -7/Factory | Entered Lower Caves 6215 | -7/Lower Caves | A Derelict revealed a hidden shortcut to meet someone special 6253 | -7/Lower Caves | Core integrity fell below 50% 6453 | -7/Lower Caves | Learned location of 1 exit from Factory 6453 | -7/Lower Caves | Discovered new exit (range 15) 6456 | -7/Lower Caves | Identified exit to Lower Caves 6486 | -7/Lower Caves | Learned location of 1 exit from Research 6638 | -7/Lower Caves | Identified exit to Data Miner 6793 | -7/Lower Caves | Entered Data Miner 6793 | -7/Data Miner | Discovered new exit (range 6) 6795 | -7/Data Miner | Identified exit to Proximity Caves 6798 | -7/Data Miner | Met Data Miner 6812 | -7/Data Miner | Received God Mode back door access code from Data Miner 6817 | -7/Data Miner | Learned location of Section 7 (-2) 6817 | -7/Data Miner | Acquired the access code to Warlord's prototype stash 6845 | -7/Data Miner | Entered Proximity Caves 6862 | -6/Proximity Caves | Spotted B-75 Beast 6893 | -6/Proximity Caves | Escorted by Enhanced Grunt 6910 | -6/Proximity Caves | Reached level 18 6922 | -6/Proximity Caves | Found Prototype Device 6922 | -6/Proximity Caves | Identified Exp. Thermal Shield 6976 | -6/Proximity Caves | Destroyed B-75 Beast 6990 | -6/Proximity Caves | Upgraded with Propulsion slot (x1) 7113 | -6/Proximity Caves | Learned location of 2 exits from Factory 7199 | -6/Proximity Caves | Learned location of 1 exit from Research 7199 | -6/Proximity Caves | Learned 8 Factory zone layouts 7253 | -6/Proximity Caves | Discovered exit to Factory (range 11) 7323 | -6/Proximity Caves | Entered Factory 7324 | -6/Factory | Identified exit to Lower Caves 7324 | -6/Factory | Identified exit to Factory 7325 | -6/Factory | Reached level 19 7325 | -6/Factory | Upgraded with Utility slot (x1) 7356 | -6/Factory | Incoming investigation squad redirected 7402 | -6/Factory | Incoming investigation squad redirected 7428 | -6/Factory | Incoming investigation squad redirected 7731 | -6/Factory | Incoming investigation squad redirected 7743 | -6/Factory | Incoming investigation squad redirected 7753 | -6/Factory | Found Prototype Processor 7753 | -6/Factory | Identified Exp. Targeting Computer 7776 | -6/Factory | Fabricated Imp. Cesium-ion Thruster? 7781 | -6/Factory | Fabricated Imp. Cesium-ion Thruster? 7794 | -6/Factory | Fabricated Imp. Cesium-ion Thruster? 7970 | -6/Factory | Incoming investigation squad redirected 8063 | -6/Factory | Fabricated Imp. Cesium-ion Thruster (x1) 8079 | -6/Factory | Fabricated Imp. Cesium-ion Thruster? 8097 | -6/Factory | Incoming investigation squad redirected 8259 | -6/Factory | Reached level 20 8286 | -6/Factory | Incoming assault squad redirected 8307 | -6/Factory | Discovered exit to Factory (range 4) 8373 | -6/Factory | First assault squad dispatched 8538 | -6/Factory | Destroyed 8 combat bots 8672 | -6/Factory | Incoming investigation squad redirected 8772 | -6/Factory | Fabricated Imp. Cesium-ion Thruster (x1) 8951 | -6/Factory | Discovered exit to Factory (range 10) 9088 | -6/Factory | Incoming assault squad redirected 9137 | -6/Factory | Spotted B-75 Beast 9143 | -6/Factory | Destroyed B-75 Beast 9187 | -6/Factory | Incoming assault squad redirected 9292 | -6/Factory | Reached level 21 9292 | -6/Factory | High security lockdown imminent 9294 | -6/Factory | Upgraded with Utility slot (x1) 9372 | -6/Factory | High security lockdown engaged 9485 | -6/Factory | Entered Lower Caves 9596 | -6/Lower Caves | Learned location of 1 exit from Factory 9608 | -6/Lower Caves | Spotted B-75 Beast 9616 | -6/Lower Caves | Discovered new exit (range 9) 9618 | -6/Lower Caves | Identified exit to Lower Caves 9669 | -6/Lower Caves | Attracted the attention of an 0b10 outpost 9741 | -6/Lower Caves | Destroyed 11 combat bots 9786 | -6/Lower Caves | Destroyed B-75 Beast 9845 | -6/Lower Caves | Attracted the attention of an 0b10 checkpoint 9966 | -6/Lower Caves | Learned location of 1 exit from Factory 10002 | -6/Lower Caves | Entered another Lower Caves area 10005 | -6/Lower Caves | Discovered exit to Factory (range 8) 10098 | -6/Lower Caves | Discovered new exit (range 13) 10100 | -6/Lower Caves | Identified exit to Zion 10282 | -6/Lower Caves | Encountered a Warlord checkpoint 10339 | -6/Lower Caves | Learned location of Armory (-3) 10339 | -6/Lower Caves | Learned location of 1 exit from Factory 10339 | -6/Lower Caves | Learned Factory emergency access door positions 10339 | -6/Lower Caves | Learned Research stockpile data 10360 | -6/Lower Caves | Entered Zion 10367 | -6/Zion | Found Prototype Processor 10367 | -6/Zion | Identified Exp. Signal Interpreter 10370 | -6/Zion | Found Prototype Processor 10370 | -6/Zion | Identified Exp. Target Analyzer 10372 | -6/Zion | Found Prototype Processor 10372 | -6/Zion | Identified Exp. Melee Analysis Suite 10388 | -6/Zion | Discovered new exit (range 14) 10390 | -6/Zion | Identified exit to Proximity Caves 10402 | -6/Zion | Found Prototype Special Weapon 10403 | -6/Zion | Identified RU-N14's Throwing Claymores 10431 | -6/Zion | Learned Factory stockpile data 10437 | -6/Zion | Learned Factory garrison access intel 10499 | -6/Zion | Discovered new exit (range 4) 10501 | -6/Zion | Saw the warning signs outside the Deep Caves entrance 10501 | -6/Zion | Identified exit to Deep Caves 10528 | -6/Zion | Found GAL Module 10631 | -6/Zion | Learned Factory emergency access door positions 10658 | -6/Zion | Imprinted 10660 | -6/Zion | Declared Zion's savior 10862 | -6/Zion | Entered Deep Caves 10862 | -6/Deep Caves | Accompanied by 4 allies 10954 | -6/Deep Caves | Attacked by Z-Imprinter 10962 | -6/Deep Caves | Z-Facility disabled 10980 | -6/Deep Caves | Destroyed Z-Imprinter 10992 | -6/Deep Caves | Found Prototype Protection 10992 | -6/Deep Caves | Identified Zio. Weapon Casing 11173 | -6/Deep Caves | Found Prototype Protection 11174 | -6/Deep Caves | Identified Zio. Heavy Carapace 11205 | -6/Deep Caves | Found Surveybot 24 Scanner 11309 | -6/Deep Caves | Found Surveybot 24 Chip 11311 | -6/Deep Caves | Discovered new exit (range 24) 11512 | -6/Deep Caves | Identified exit to Proximity Caves 11580 | -6/Deep Caves | Spotted as-68143 11593 | -6/Deep Caves | Spotted as-91030 11602 | -6/Deep Caves | Core integrity fell below 50% 11609 | -6/Deep Caves | Triggered Deep Caves wall 11612 | -6/Deep Caves | Core integrity fell below 20% 11627 | -6/Deep Caves | Entered Proximity Caves 11629 | -5/Proximity Caves | Reached level 22 11640 | -5/Proximity Caves | Attracted the attention of an 0b10 checkpoint 11718 | -5/Proximity Caves | Spotted B-75 Beast 11741 | -5/Proximity Caves | Destroyed B-75 Beast 11985 | -5/Proximity Caves | Learned Factory trap positions 12018 | -5/Proximity Caves | Learned Factory garrison access intel 12309 | -5/Proximity Caves | Discovered exit to Factory (range 17) 12487 | -5/Proximity Caves | Entered Factory 12488 | -5/Factory | Identified exit to Factory 12488 | -5/Factory | Identified exit to Extension 12488 | -5/Factory | Identified exit to Upper Caves 12489 | -5/Factory | Loaded intel: 95 trap records 12492 | -5/Factory | Loaded intel: 4 garrison access locations 12495 | -5/Factory | Reached level 23 12509 | -5/Factory | Upgraded with Weapon slot (x1) 12642 | -5/Factory | Repaired Greatsword 12694 | -5/Factory | Repaired Power Sword 12741 | -5/Factory | Incoming investigation squad redirected 13001 | -5/Factory | Discovered exit to Factory (range 18) 13350 | -5/Factory | Spotted B-75 Beast 13526 | -5/Factory | Incoming investigation squad redirected 13616 | -5/Factory | Cargo convoy interrupted 13648 | -5/Factory | Incoming investigation squad redirected 13657 | -5/Factory | Garrison activated, responded to threat 14183 | -5/Factory | Fabricated Exp. Utility Shielding? 14215 | -5/Factory | Fabricated Exp. Propulsion Shielding (x1) 14287 | -5/Factory | First assault squad dispatched 14328 | -5/Factory | Reached level 24 14330 | -5/Factory | Incoming assault squad redirected 14357 | -5/Factory | Incoming assault squad redirected 14523 | -5/Factory | Found Prototype Device 14524 | -5/Factory | Identified Exp. Force Field 14527 | -5/Factory | Discovered exit to Factory (range 16) 14606 | -5/Factory | Incoming assault squad redirected 14777 | -5/Factory | High security lockdown imminent 14811 | -5/Factory | Entered Extension 14948 | -5/Extension | Rescued a captive Derelict 15020 | -5/Extension | Rescued A7 15036 | -5/Extension | Disrupted transfer network 15111 | -5/Extension | First assault squad dispatched 15126 | -5/Extension | Spotted B-75 Beast 15134 | -5/Extension | Spotted B-75 Beast 15143 | -5/Extension | High security lockdown imminent 15143 | -5/Extension | Allies destroyed B-75 Beast 15148 | -5/Extension | Allies destroyed B-75 Beast 15183 | -5/Extension | Discovered exit to Factory (range 3) 15223 | -5/Extension | High security lockdown engaged 15272 | -5/Extension | Rescued a captive Derelict 15277 | -5/Extension | Rescued a captive Derelict 15278 | -5/Extension | Rescued a captive Derelict 15292 | -5/Extension | Rescued a captive Derelict 15294 | -5/Extension | Rescued a captive Derelict 15304 | -5/Extension | Discovered exit to Factory (range 10) 15305 | -5/Extension | Discovered new exit (range 6) 15321 | -5/Extension | Reached level 25 15401 | -5/Extension | Destroyed 10 combat bots 15434 | -5/Extension | Entered Factory 15436 | -4/Factory | Loaded intel: 4 garrison access locations 15436 | -4/Factory | Upgraded with Utility slot (x1) 15468 | -4/Factory | Incoming investigation squad redirected 15504 | -4/Factory | Fabricated Adv. Hacking Suite (x1) 15536 | -4/Factory | Sucked down chute 15536 | -4/Factory | Entered Waste 15538 | -4/Waste | Spotted C-40 Crusher 15540 | -4/Waste | Spotted C-40 Crusher 15551 | -4/Waste | Met Warlord forces unprepared to attack 15551 | -4/Waste | EMP discharged 15557 | -4/Waste | Allies destroyed C-40 Crusher 15584 | -4/Waste | Spotted C-40 Crusher 15603 | -4/Waste | Spotted C-40 Crusher 15607 | -4/Waste | Allies destroyed C-40 Crusher 15609 | -4/Waste | Spotted C-40 Crusher 15611 | -4/Waste | Allies destroyed C-40 Crusher 15617 | -4/Waste | Spotted C-40 Crusher 15622 | -4/Waste | Allies destroyed C-40 Crusher 15638 | -4/Waste | Discovered new exit (range 12) 15640 | -4/Waste | Identified exit to Factory 15651 | -4/Waste | EMP discharged 15651 | -4/Waste | System corruption reached 10% 15691 | -4/Waste | Entered Factory 15791 | -4/Factory | Fabricated Adv. Hacking Suite (x1) 16216 | -4/Factory | First assault squad dispatched 16297 | -4/Factory | Reached level 26 16460 | -4/Factory | Incoming assault squad redirected 16497 | -4/Factory | Central database locked down 16517 | -4/Factory | Discovered new exit (range 4) 16517 | -4/Factory | Identified exit to Upper Caves 16547 | -4/Factory | Identified exit to Research 16670 | -4/Factory | Fabricated Exp. Cesium-ion Thruster? 16704 | -4/Factory | Spotted B-86 Titan 16752 | -4/Factory | Build established: Wizard-Scout 16859 | -4/Factory | Incoming investigation squad redirected 16898 | -4/Factory | Repaired Exp. Propulsion Shielding 16941 | -4/Factory | Incoming investigation squad redirected 16989 | -4/Factory | Fabricated Shock Maul? 17035 | -4/Factory | Central database locked down 17146 | -4/Factory | Fabricated System Restoration Module? 17207 | -4/Factory | Incoming assault squad redirected 17213 | -4/Factory | High security lockdown imminent 17293 | -4/Factory | High security lockdown engaged 17293 | -4/Factory | Entered Upper Caves 17550 | -4/Upper Caves | Learned Research terminal intel 17627 | -4/Upper Caves | Discovered new exit (range 11) 17629 | -4/Upper Caves | Identified exit to Upper Caves 17646 | -4/Upper Caves | Learned location of 1 exit from Research 17692 | -4/Upper Caves | Entered another Upper Caves area 17693 | -4/Upper Caves | Encountered a Warlord checkpoint 17838 | -4/Upper Caves | Learned Research emergency access door positions 17865 | -4/Upper Caves | Attracted the attention of an 0b10 outpost 18157 | -4/Upper Caves | Discovered exit to Research (range 14) 18162 | -4/Upper Caves | Attracted the attention of an 0b10 checkpoint 18237 | -4/Upper Caves | Discovered new exit (range 4) 18239 | -4/Upper Caves | Identified exit to Zhirov 18263 | -4/Upper Caves | Entered Zhirov 18263 | -4/Zhirov | Discovered new exit (range 3) 18264 | -4/Zhirov | Identified exit to Proximity Caves 18276 | -4/Zhirov | Met Zhirov 18281 | -4/Zhirov | Learned location of Quarantine (-2) 18281 | -4/Zhirov | Learned location of Testing (-3) 18281 | -4/Zhirov | Learned location of Command (-1) 18286 | -4/Zhirov | Zhirov requested help retrieving the SGEMP Prototype 18292 | -4/Zhirov | Found Alien Artifact 18292 | -4/Zhirov | Identified Integrated Dissipator 18292 | -4/Zhirov | Installed Integrated Dissipator, increased core heat dissipation (+20) 18296 | -4/Zhirov | Found Alien Artifact 18296 | -4/Zhirov | Identified Transdimensional Reconstructor 18296 | -4/Zhirov | Warped through subspace 18340 | -4/Zhirov | Entered Proximity Caves 18342 | -3/Proximity Caves | Reached level 27 18359 | -3/Proximity Caves | Attracted the attention of an 0b10 outpost 18451 | -3/Proximity Caves | Spotted B-86 Titan 18463 | -3/Proximity Caves | Discovered exit to Research (range 12) 18486 | -3/Proximity Caves | Entered Research 18487 | -3/Research | Identified exit to Testing 18487 | -3/Research | Identified exit to Research 18487 | -3/Research | Identified exit to Armory 18488 | -3/Research | Reached level 28 18490 | -3/Research | Loaded intel: 22 terminal locations 18689 | -3/Research | Spotted B-86 Titan 19087 | -3/Research | Garrison activated, responded to threat 19089 | -3/Research | Incoming investigation squad redirected 19110 | -3/Research | Fabricated System Restoration Module? 19160 | -3/Research | Found Prototype Protection 19160 | -3/Research | Identified Centrium Heavy Armor Plating 19212 | -3/Research | Central database locked down 19218 | -3/Research | Repaired Broken Cld. Impulse Thruster 19278 | -3/Research | First assault squad dispatched 19306 | -3/Research | Incoming assault squad redirected 19340 | -3/Research | Reached level 29 19342 | -3/Research | Upgraded with Utility slot (x1) 19630 | -3/Research | Discovered exit to Research (range 8) 20243 | -3/Research | Discovered exit to Research (range 7) 20379 | -3/Research | Incoming investigation squad redirected 20410 | -3/Research | Imp. Hacking Suite fried by hacking feedback 20456 | -3/Research | Incoming investigation squad redirected 20513 | -3/Research | Incoming assault squad redirected 20521 | -3/Research | Incoming investigation squad redirected 20551 | -3/Research | Fabricated Adv. Actuator Array? 20590 | -3/Research | Fabricated Exp. Utility Shielding? 20736 | -3/Research | Search patrols dispatched 20790 | -3/Research | Discovered exit to Testing (range 6) 20867 | -3/Research | Adv. System Shield fried by hacking feedback 20904 | -3/Research | Spotted B-86 Titan 20920 | -3/Research | Fabricated Adv. System Restoration Module? 20986 | -3/Research | Search patrols dispatched 21011 | -3/Research | Found Fusion Bomb Launcher 21077 | -3/Research | Incoming investigation squad redirected 21151 | -3/Research | Build established: Hacker-Scout 21236 | -3/Research | Search patrols dispatched 21362 | -3/Research | Entered Armory 21404 | -3/Armory | Reached level 30 21443 | -3/Armory | Spotted B-86 Titan 21458 | -3/Armory | Destroyed B-86 Titan 21736 | -3/Armory | Destroyed 9 combat bots 21862 | -3/Armory | First assault squad dispatched 21863 | -3/Armory | Destroyed 8 combat bots 21907 | -3/Armory | Incoming investigation squad redirected 21938 | -3/Armory | Destroyed 7 combat bots 21982 | -3/Armory | Discovered exit to Research (range 4) 22017 | -3/Armory | Entered Research 22019 | -2/Research | Reached level 31 22103 | -2/Research | Spotted B-90 Cyclops 22107 | -2/Research | Destroyed B-90 Cyclops 22135 | -2/Research | Spotted B-90 Cyclops 22396 | -2/Research | Spotted B-90 Cyclops 22434 | -2/Research | Destroyed B-90 Cyclops 22464 | -2/Research | Found Prototype Hackware 22468 | -2/Research | Identified Exp. System Shield 22473 | -2/Research | Discovered new exit (range 6) 22474 | -2/Research | Identified exit to Quarantine 22475 | -2/Research | Spotted B-90 Cyclops 22577 | -2/Research | Destroyed B-90 Cyclops 22736 | -2/Research | Found Prototype Device 22740 | -2/Research | Identified Exp. Actuator Array 22742 | -2/Research | Discovered new exit (range 6) 22743 | -2/Research | Identified exit to Access 22756 | -2/Research | Build established: Wizard-Scout 22758 | -2/Research | Found Prototype Processor 22813 | -2/Research | Identified Spectral Analyzer 22960 | -2/Research | Incoming investigation squad redirected 23011 | -2/Research | Reached level 32 23012 | -2/Research | Fabricated Exp. Core Analyzer? 23045 | -2/Research | Search patrols dispatched 23064 | -2/Research | Fabricated Exp. Core Analyzer (x1) 23077 | -2/Research | Found Prototype Device 23080 | -2/Research | Identified Femtoactuators 23113 | -2/Research | Entered Quarantine 23158 | -2/Quarantine | Central database locked down 23163 | -2/Quarantine | Incoming investigation squad redirected 23177 | -2/Quarantine | Found Alien Impact Weapon 23183 | -2/Quarantine | Met incapacitated Sigix Warrior 23183 | -2/Quarantine | Lockdown squad dispatched 23193 | -2/Quarantine | Spotted Lightning 23193 | -2/Quarantine | Spotted Lightning 23195 | -2/Quarantine | Identified Core Stripper 23208 | -2/Quarantine | Found Alien Artifact 23209 | -2/Quarantine | Spotted Lightning 23212 | -2/Quarantine | Identified Subatomic Replicator 23220 | -2/Quarantine | Used Subatomic Replicator to replicate Shock Maul 23303 | -2/Quarantine | Build established: Hacker-Scout 23303 | -2/Quarantine | Entered Access 23305 | -1/Access | Reached level 33 23305 | -1/Access | Upgraded with Utility slot (x1) 23553 | -1/Access | Search patrols dispatched 23634 | -1/Access | Spotted B-99 Colossus 23634 | -1/Access | Spotted B-99 Colossus 23701 | -1/Access | Identified exit to Surface 23723 | -1/Access | Reached level 34 23723 | *** | Destroyed 0B10! Last Messages --------------- 23715_ Slug penetrates Wall. 23719_ Penetrated by Slug. 23720_ Slug penetrates Wall. 23721_ Imp. System Restoration Module purges 1% system corruption (0%). 23722_ Connecting with Terminal... >>Open(Door) Sealed Barrier opened. 23722_ The Access Shell folds into the floor. 23722_ K-01 Serf cleans the Terminal. 23723_ Reached level 34. [Achievement: 20k Club] [Achievement: 30k Club] [Achievement: 40k Club] [Achievement: 50k Club] [Achievement: This Is Interesting...] [Achievement: Just Browsing] [Achievement: Rambo] [Achievement: Payload Armed] [Achievement: Victory By Combat] [Achievement: Achiever] Map ----- +----------------------------------------------------+ | ?????????????????############# | | ????????????????? + ########## | | ????????????????? #### ###########+#### | | ???????????????????### ## # | | ????????????????????## ## + | | ????????????????????############## # | | ????????????????????############## # | | ????????????????????????????????## !!# | | ?????????????????k??????????????## = # | | ?????????? #####################"######## | | ??????????#####+######################## h | | ?????????? ku u h ####/# | | ???????u???u C Ruk A ## | | ???????????????????## ""######### ## | | ???????????????????## ""########## ### | | ???????????????????## ""### # ### | | ???????????????????## T### # ### | | ???????????????????## ""### / ###= | | ??????????????????### ""### # ####### | | ??????????????????### ""### = # | | ??????????????????## ## # | | ??????????????????### ### # | | ??????????????????### ### # " | | ???????????????????## ### # """ | | ???????????????????## ### #u G | | ???????????????????## @" ### # """ | | ???????????????????## "" ### # w" | | ???????????????????## ### # | | ???????????????????## ### ! # k | | ???????????????????## ##"#######u | | ???????????????????##""""""""""### # | | ???????????????????##"????????"### /u | | ???????????????????##"????????"### #u | | ???????????????????##""""""""""###/ + | | ???????????????????## ### # | | ???????????????????## BB BB ### # | | ???????????????????## BB BB ### # | | ???????????????????## ### #u | | ???????????????????## ### #n | | ???????????????????## ### # | | ???????????????????## #########" | | ???????????????????##"##u ############# ####### | | ##########?????########" " ####+######## | | ##############?######### u# # " | | ## ######?## # # # | | # + ##?## # " # | | # + ##?## # # " # | | # " # ##### # # """ # | | # "" ##%###### # + """ # | | # "" ## #### # # # " # | +----------------------------------------------------+ Best States ------------- Heat Dissipation 111 Energy Generation 52 Energy Capacity 420 Matter Stores 300 Matter Capacity 300 Sight Range 18 Robot Scan Range 42 Terrain Scan Range 24 Terrain Scan Density 2010 Corruption Block 15 Armor Coverage 400 Resistance: KI 20 Resistance: TH 30 Resistance: EX 10 Resistance: EM 15 Propulsion Shielding 90 Utility Shielding 90 Weapon Shielding 33 Melee Speed Boost 50 Evasion (%) 79 Core Analysis 12 Salvage Targeting 2 Offensive Hacking 60 Defensive Hacking 26 Item Schematics ----------------- Cesium-ion Thruster | -8/Materials | Scanalyzed Field Propulsion Drive | -7/Factory | Hacked System Restoration Module | -7/Factory | Hacked Xenon Bombardment Thruster | -7/Factory | Hacked Greatsword | -7/Factory | Scanalyzed Propulsion Shielding | -7/Factory | Scanalyzed Lgt. Regenerative Plating | -7/Data Miner | Free Imp. Cesium-ion Thruster | -6/Factory | Hacked Hardcell Cannon | -6/Zion | Archive Plasma Flamer | -6/Zion | Archive Imp. Component Analysis Suite | -6/Zion | Archive Hpw. Shock Rifle | -6/Zion | Archive Adv. Hacking Suite | -6/Zion | Archive Imp. Medium Treads | -6/Zion | Archive Recoil Nullifier | -6/Zion | Archive Hvy. Plasma Cannon | -6/Zion | Archive Bore Cannon | -6/Zion | Archive Adv. Coolant Injector | -6/Zion | Archive Mass Driver | -6/Zion | Archive Power Amplifier | -6/Zion | Archive Plasma Rifle | -6/Zion | Archive Adv. Trap Extractor | -6/Zion | Archive Exp. Utility Shielding | -5/Factory | Hacked Exp. Propulsion Shielding | -5/Factory | Hacked Mic. Antimatter Reactor | -5/Factory | Hacked Shock Maul | -5/Factory | Scanalyzed Exp. Cesium-ion Thruster | -4/Factory | Hacked Assault Drone Bay | -4/Zhirov | Free Exp. Heat Sink | -4/Zhirov | Free Exp. Optical Array | -4/Zhirov | Free Imp. Arc Thrower | -4/Zhirov | Free Adv. Reaction Control System | -3/Research | Scanalyzed Cld. Impulse Thruster | -3/Research | Scanalyzed Adv. System Restoration Module | -3/Research | Hacked Adv. Actuator Array | -3/Research | Hacked Exp. Core Analyzer | -2/Research | Hacked Robot Schematics ------------------ A-15 Conveyor | -7/Data Miner | Free M-22 Extractor | -7/Data Miner | Free R-10 Processor | -7/Data Miner | Free S-27 Virus | -7/Data Miner | Free T-07 Excavator | -6/Zion | Archive B-48 Gladiator | -6/Zion | Archive D-83 Annihilator | -6/Zion | Archive Fabricated ------------ Imp. Cesium-ion Thruster | x1 | -6/Factory Imp. Cesium-ion Thruster | x1 | -6/Factory Imp. Cesium-ion Thruster | x1 | -6/Factory Imp. Cesium-ion Thruster | x1 | -6/Factory Imp. Cesium-ion Thruster | x1 | -6/Factory Imp. Cesium-ion Thruster | x1 | -6/Factory Exp. Utility Shielding | x1 | -5/Factory Exp. Propulsion Shielding | x1 | -5/Factory Adv. Hacking Suite | x1 | -4/Factory Adv. Hacking Suite | x1 | -4/Factory Exp. Cesium-ion Thruster | x1 | -4/Factory Shock Maul | x1 | -4/Factory System Restoration Module | x2 | -4/Factory System Restoration Module | x2 | -3/Research Adv. Actuator Array | x1 | -3/Research Exp. Utility Shielding | x1 | -3/Research Adv. System Restoration Module | x2 | -3/Research Exp. Core Analyzer | x1 | -2/Research Exp. Core Analyzer | x1 | -2/Research Alien Tech Used ----------------- Integrated Dissipator Transdimensional Reconstructor Core Stripper Subatomic Replicator Achievements -------------- 20k Club 30k Club 40k Club 50k Club Achiever Adventurer Alien Tech Ambidextrous Are We The Baddies? Assassin Backstab Can't Touch This Explorer False Reunion Giant Slayer Gladiator I Survived The Infestation Just Browsing Librarian Melee Specialist Most Wanted Oh No You Don't! Omniscient Cartographer Ooh, Shiny! Payload Armed Production Line Rambo Signs Are For Wimps Subspace Traveler That's One Door That Should Stay Closed The Oracle The Science Guy This Is Interesting... Victory By Combat Challenges ------------ None RPGLIKE | -11 -10 -9 -9 -9 -8 -8 -7 -7 -7 -6 -6 -6 -6 -6 -6 -5 -5 -5 -4 -4 -4 -4 -4 -4 -3 -3 -3 -2 -2 -1 --------- Run | Scr Mat Mat Min Exi Min Mat Fac Low Dat Pro Fac Low Low Zio Dee Pro Fac Ext Fac Was Fac Upp Upp Zhi Pro Res Arm Res Qua Acc Levels Raised 33 | . 1 3 1 . 1 5 5 . . 1 3 . . . . 1 2 1 . . 1 . . . 1 2 1 2 . 2 XP Earned 53339 | 3000 2100 4455 1574 200 2150 7252 6301 382 152 1859 3757 416 137 128 289 1317 2433 1203 540 91 1405 118 462 152 1011 3359 967 2379 707 3043 XP Spent 50915 | 2950 1400 4610 1400 . 1350 7785 5940 . . 2490 5000 . . . . 1545 1495 . 2600 . 1100 675 . . 1500 2900 . 800 . 5375 Upgrades 88 | 12 2 12 1 . 6 19 7 . . 4 5 . . . . 5 2 . 1 . 1 3 . . 2 1 . 1 . 4 Power Slot 1 | . . . . . . . 1 . . . . . . . . . . . . . . . . . . . . . . . Propulsion Slot 5 | 1 . 2 . . . . 1 . . 1 . . . . . . . . . . . . . . . . . . . . Utility Slot 10 | 1 1 1 1 . . . 1 . . . 2 . . . . . . . 1 . . . . . . 1 . . . 1 Weapon Slot 4 | 1 . . . . . 1 1 . . . . . . . . . 1 . . . . . . . . . . . . . Core Integrity 8 | . . 2 . . . 4 . . . . . . . . . 1 1 . . . . . . . . . . . . . Heat Dissipation 8 | . . . . . . 2 1 . . 2 1 . . . . 2 . . . . . . . . . . . . . . Energy Generation 3 | . . . . . . 1 . . . 1 . . . . . . . . . . . . . . . . . 1 . . Energy Storage 5 | . . . . . . . . . . . . . . . . . . . . . . 3 . . . . . . . 2 Mass Support 4 | 1 1 . . . . . . . . . . . . . . . . . . . 1 . . . . . . . . 1 Inventory Capacity 3 | 2 . . . . . 1 . . . . . . . . . . . . . . . . . . . . . . . . Sight Range 2 | 1 . 1 . . . . . . . . . . . . . . . . . . . . . . . . . . . . Sensor Range 11 | 5 . 4 . . . 2 . . . . . . . . . . . . . . . . . . . . . . . . Melee Accuracy 8 | . . . . . 3 5 . . . . . . . . . . . . . . . . . . . . . . . . Hack Attack % 4 | . . 1 . . . 2 1 . . . . . . . . . . . . . . . . . . . . . . . Hack Defense % 2 | . . 1 . . . 1 . . . . . . . . . . . . . . . . . . . . . . . . KI Resistance % 4 | . . . . . 1 . 1 . . . . . . . . 1 . . . . . . . . 1 . . . . . TH Resistance % 4 | . . . . . 1 . . . . . 1 . . . . 1 . . . . . . . . 1 . . . . . EX Resistance % 2 | . . . . . 1 . . . . . 1 . . . . . . . . . . . . . . . . . . . Protomatter Created 8360 | . 207 361 42 . 126 859 517 188 . 342 960 251 174 . 223 419 667 597 . . 297 120 350 . . 585 470 605 . . Integrity Restored 16018 | . 407 747 98 . 229 1923 996 564 . 851 1345 547 88 . 501 1257 1563 978 . 27 928 351 348 . 339 1133 473 325 . . Core 11931 | . 317 602 98 . 229 1498 807 564 . 649 965 306 60 . 501 1257 1129 570 . 1 721 273 85 . 252 662 224 161 . . Parts 4087 | . 90 145 . . . 425 189 . . 202 380 241 28 . . . 434 408 . 26 207 78 263 . 87 471 249 164 . . Protomatter Decayed 4223 | . 69 184 82 . 49 177 164 . . 63 507 66 140 57 1 . 500 686 . 86 63 . 104 . . 284 146 770 25 . Game ------ Seed ExperimentalChipShockpuncher Manual? 0 Play Time 12:09:03 Cumulative 51.0 hours Start 2022.03.23 @ 02:13:40 End 2022.03.25 @ 03:18:48 Sessions 5 Manual Loads 0 Difficulty Rogue Special Mode Winter2019/RPGLIKE Game No. 13 Rogue 13 Adventurer 0 Explorer 0 Win Type 3 Total 1 Types 0/0/0/1/0/0/0/0/0 Lore% 31 Gallery% 30 Achievement% 37 Wizard Run 0 Options --------- ASCII 0 Keyboard 0 Movement Mouse Keybinds 0 Fullscreen 2 Font 18/TerminusBold Map View 76x50 Tactical HUD 1 Map Filters NONE Filters NONE Steam 1 RUN: 4ebe6742-805e-4ba1-a1a6-96c7388306db